Workbook
Name Fachpakete: Parameter!$B$26:$B$30
Name Groessen: Parameter!$B$21:$B$23
Name Groessenfaktoren: Parameter!$C$21:$C$23
Name Klasse_ab: Parameter!$C$5:$C$8
Name Klasse_Name: Parameter!$E$5:$E$8
Name Klasse_Rabatt: Parameter!$D$5:$D$8
Name Rabatt_Fach: Parameter!$C$12
Name Rabatt_Gesamt: Parameter!$C$13
Name Typen: Parameter!$B$18:$B$20
Name Typfaktoren: Parameter!$C$18:$C$20
Name USt: Parameter!$C$14

Sheet Backlistangebot 2027
J1: Your Trusted Knowledge Base: https://www.inlibra.com
B2: Suhrkamp Backlist-Pakete 2027 | Kaufpakete mit dauerhaften Nutzungsrechten
B4: Paket | C4: Titel | D4: Wert* | E4: Ø Archiv- rabatt | F4: Wert* nach Archivrabatt | G4: Grund- rabatt | H4: Paketausgangs- preis* | I4: indiv. Preis* inkl. Faktoren | J4: indiv. Preis inkl. Faktoren netto | L4: Einrichtung [bitte wählen] | N4: Faktoren
B5: Suhrkamp Backlist Gesamt (bis 2025) | C5: =COUNTIFS(Titelliste!$P$2:$P$1218,"ja") -> 1176 | D5: =SUMIFS(Titelliste!$K$2:$K$1218,Titelliste!$P$2:$P$1218,"ja") -> 279611.49 | E5: =IF(D5>0,1-F5/D5,0) -> 0.28415029 | F5: =SUMIFS(Titelliste!$S$2:$S$1218,Titelliste!$P$2:$P$1218,"ja") -> 200159.8 | G5: =Rabatt_Gesamt -> 0.5 | H5: =ROUND(F5*(1-G5),-1) -> 100080 | I5: =H5*$L$10 -> 100080 | J5: =I5/(1+USt) -> 93532.71 | L5: Einrichtungstyp | N5: Universitäten | O5: =Parameter!$C$18 -> 1
B6: Suhrkamp Backlist Philosophie & Religion | C6: =COUNTIFS(Titelliste!$P$2:$P$1218,"ja",Titelliste!$O$2:$O$1218,"Philosophie & Religion") -> 301 | D6: =SUMIFS(Titelliste!$K$2:$K$1218,Titelliste!$P$2:$P$1218,"ja",Titelliste!$O$2:$O$1218,"Philosophie & Religion") -> 72949.22 | E6: =IF(D6>0,1-F6/D6,0) -> 0.27643325 | F6: =SUMIFS(Titelliste!$S$2:$S$1218,Titelliste!$P$2:$P$1218,"ja",Titelliste!$O$2:$O$1218,"Philosophie & Religion") -> 52783.63 | G6: =Rabatt_Fach -> 0.1 | H6: =ROUND(F6*(1-G6),-1) -> 47510 | I6: =H6*$L$10 -> 47510 | J6: =I6/(1+USt) -> 44401.869 | L6: Universitäten | N6: Fachhochschulen | O6: =Parameter!$C$19 -> 0.5
B7: Suhrkamp Backlist Soziologie, Gesellschaft & Wirtschaft | C7: =COUNTIFS(Titelliste!$P$2:$P$1218,"ja",Titelliste!$O$2:$O$1218,"Soziologie, Gesellschaft & Wirtschaft") -> 325 | D7: =SUMIFS(Titelliste!$K$2:$K$1218,Titelliste!$P$2:$P$1218,"ja",Titelliste!$O$2:$O$1218,"Soziologie, Gesellschaft & Wirtschaft") -> 73372.309 | E7: =IF(D7>0,1-F7/D7,0) -> 0.26083461 | F7: =SUMIFS(Titelliste!$S$2:$S$1218,Titelliste!$P$2:$P$1218,"ja",Titelliste!$O$2:$O$1218,"Soziologie, Gesellschaft & Wirtschaft") -> 54234.272 | G7: =Rabatt_Fach -> 0.1 | H7: =ROUND(F7*(1-G7),-1) -> 48810 | I7: =H7*$L$10 -> 48810 | J7: =I7/(1+USt) -> 45616.822 | L7: Einrichtungsgröße (Uni/FH) | N7: Staats-/Landesbibliotheken | O7: =Parameter!$C$20 -> 1
B8: Suhrkamp Backlist Politik, Recht & Geschichte | C8: =COUNTIFS(Titelliste!$P$2:$P$1218,"ja",Titelliste!$O$2:$O$1218,"Politik, Recht & Geschichte") -> 274 | D8: =SUMIFS(Titelliste!$K$2:$K$1218,Titelliste!$P$2:$P$1218,"ja",Titelliste!$O$2:$O$1218,"Politik, Recht & Geschichte") -> 59935.985 | E8: =IF(D8>0,1-F8/D8,0) -> 0.27237982 | F8: =SUMIFS(Titelliste!$S$2:$S$1218,Titelliste!$P$2:$P$1218,"ja",Titelliste!$O$2:$O$1218,"Politik, Recht & Geschichte") -> 43610.632 | G8: =Rabatt_Fach -> 0.1 | H8: =ROUND(F8*(1-G8),-1) -> 39250 | I8: =H8*$L$10 -> 39250 | J8: =I8/(1+USt) -> 36682.243 | L8: > 10.000 FTE | N8: ≤ 5.000 FTE (Uni/FH) | O8: =Parameter!$C$21 -> 0.8
B9: Suhrkamp Backlist Kultur, Literatur & Medien | C9: =COUNTIFS(Titelliste!$P$2:$P$1218,"ja",Titelliste!$O$2:$O$1218,"Kultur, Literatur & Medien") -> 179 | D9: =SUMIFS(Titelliste!$K$2:$K$1218,Titelliste!$P$2:$P$1218,"ja",Titelliste!$O$2:$O$1218,"Kultur, Literatur & Medien") -> 42898.853 | E9: =IF(D9>0,1-F9/D9,0) -> 0.2871964 | F9: =SUMIFS(Titelliste!$S$2:$S$1218,Titelliste!$P$2:$P$1218,"ja",Titelliste!$O$2:$O$1218,"Kultur, Literatur & Medien") -> 30578.457 | G9: =Rabatt_Fach -> 0.1 | H9: =ROUND(F9*(1-G9),-1) -> 27520 | I9: =H9*$L$10 -> 27520 | J9: =I9/(1+USt) -> 25719.626 | L9: Faktor gesamt | N9: ≤ 10.000 FTE (Uni/FH) | O9: =Parameter!$C$22 -> 0.9
B10: Suhrkamp Backlist Werkausgaben & Editionen | C10: =COUNTIFS(Titelliste!$P$2:$P$1218,"ja",Titelliste!$O$2:$O$1218,"Werkausgaben & Editionen") -> 97 | D10: =SUMIFS(Titelliste!$K$2:$K$1218,Titelliste!$P$2:$P$1218,"ja",Titelliste!$O$2:$O$1218,"Werkausgaben & Editionen") -> 30455.123 | E10: =IF(D10>0,1-F10/D10,0) -> 0.37768066 | F10: =SUMIFS(Titelliste!$S$2:$S$1218,Titelliste!$P$2:$P$1218,"ja",Titelliste!$O$2:$O$1218,"Werkausgaben & Editionen") -> 18952.812 | G10: =Rabatt_Fach -> 0.1 | H10: =ROUND(F10*(1-G10),-1) -> 17060 | I10: =H10*$L$10 -> 17060 | J10: =I10/(1+USt) -> 15943.925 | L10: =INDEX(Typfaktoren,MATCH(L6,Typen,0))*IF(L6="Staats-/Landesbibliotheken",1,INDEX(Groessenfaktoren,MATCH(L8,Groessen,0))) -> 1 | N10: > 10.000 FTE (Uni/FH) | O10: =Parameter!$C$23 -> 1
B11: Summe der Fachpakete | C11: =SUM(C6:C10) -> 1176 | D11: =SUM(D6:D10) -> 279611.49 | F11: =SUM(F6:F10) -> 200159.8 | H11: =SUM(H6:H10) -> 180150 | I11: =SUM(I6:I10) -> 180150
B12: =IF(H11>0,"Gesamtpaket "&FIXED((1-H5/H11)*100,0)&" % günstiger als alle Fachpakete einzeln","") -> Gesamtpaket 44 % günstiger als alle Fachpakete einzeln
B14: Preise* nach Einrichtung
B15: Paket | C15: Uni ≤ 5.000 | D15: Uni ≤ 10.000 | E15: Uni > 10.000 | F15: FH ≤ 5.000 | G15: FH ≤ 10.000 | H15: FH > 10.000 | I15: StLB
B16: Suhrkamp Backlist Gesamt (bis 2025) | C16: =$H$5*INDEX(Typfaktoren,1)*INDEX(Groessenfaktoren,1) -> 80064 | D16: =$H$5*INDEX(Typfaktoren,1)*INDEX(Groessenfaktoren,2) -> 90072 | E16: =$H$5*INDEX(Typfaktoren,1)*INDEX(Groessenfaktoren,3) -> 100080 | F16: =$H$5*INDEX(Typfaktoren,2)*INDEX(Groessenfaktoren,1) -> 40032 | G16: =$H$5*INDEX(Typfaktoren,2)*INDEX(Groessenfaktoren,2) -> 45036 | H16: =$H$5*INDEX(Typfaktoren,2)*INDEX(Groessenfaktoren,3) -> 50040 | I16: =$H$5*INDEX(Typfaktoren,3) -> 100080
B17: Suhrkamp Backlist Philosophie & Religion | C17: =$H$6*INDEX(Typfaktoren,1)*INDEX(Groessenfaktoren,1) -> 38008 | D17: =$H$6*INDEX(Typfaktoren,1)*INDEX(Groessenfaktoren,2) -> 42759 | E17: =$H$6*INDEX(Typfaktoren,1)*INDEX(Groessenfaktoren,3) -> 47510 | F17: =$H$6*INDEX(Typfaktoren,2)*INDEX(Groessenfaktoren,1) -> 19004 | G17: =$H$6*INDEX(Typfaktoren,2)*INDEX(Groessenfaktoren,2) -> 21379.5 | H17: =$H$6*INDEX(Typfaktoren,2)*INDEX(Groessenfaktoren,3) -> 23755 | I17: =$H$6*INDEX(Typfaktoren,3) -> 47510
B18: Suhrkamp Backlist Soziologie, Gesellschaft & Wirtschaft | C18: =$H$7*INDEX(Typfaktoren,1)*INDEX(Groessenfaktoren,1) -> 39048 | D18: =$H$7*INDEX(Typfaktoren,1)*INDEX(Groessenfaktoren,2) -> 43929 | E18: =$H$7*INDEX(Typfaktoren,1)*INDEX(Groessenfaktoren,3) -> 48810 | F18: =$H$7*INDEX(Typfaktoren,2)*INDEX(Groessenfaktoren,1) -> 19524 | G18: =$H$7*INDEX(Typfaktoren,2)*INDEX(Groessenfaktoren,2) -> 21964.5 | H18: =$H$7*INDEX(Typfaktoren,2)*INDEX(Groessenfaktoren,3) -> 24405 | I18: =$H$7*INDEX(Typfaktoren,3) -> 48810
B19: Suhrkamp Backlist Politik, Recht & Geschichte | C19: =$H$8*INDEX(Typfaktoren,1)*INDEX(Groessenfaktoren,1) -> 31400 | D19: =$H$8*INDEX(Typfaktoren,1)*INDEX(Groessenfaktoren,2) -> 35325 | E19: =$H$8*INDEX(Typfaktoren,1)*INDEX(Groessenfaktoren,3) -> 39250 | F19: =$H$8*INDEX(Typfaktoren,2)*INDEX(Groessenfaktoren,1) -> 15700 | G19: =$H$8*INDEX(Typfaktoren,2)*INDEX(Groessenfaktoren,2) -> 17662.5 | H19: =$H$8*INDEX(Typfaktoren,2)*INDEX(Groessenfaktoren,3) -> 19625 | I19: =$H$8*INDEX(Typfaktoren,3) -> 39250
B20: Suhrkamp Backlist Kultur, Literatur & Medien | C20: =$H$9*INDEX(Typfaktoren,1)*INDEX(Groessenfaktoren,1) -> 22016 | D20: =$H$9*INDEX(Typfaktoren,1)*INDEX(Groessenfaktoren,2) -> 24768 | E20: =$H$9*INDEX(Typfaktoren,1)*INDEX(Groessenfaktoren,3) -> 27520 | F20: =$H$9*INDEX(Typfaktoren,2)*INDEX(Groessenfaktoren,1) -> 11008 | G20: =$H$9*INDEX(Typfaktoren,2)*INDEX(Groessenfaktoren,2) -> 12384 | H20: =$H$9*INDEX(Typfaktoren,2)*INDEX(Groessenfaktoren,3) -> 13760 | I20: =$H$9*INDEX(Typfaktoren,3) -> 27520
B21: Suhrkamp Backlist Werkausgaben & Editionen | C21: =$H$10*INDEX(Typfaktoren,1)*INDEX(Groessenfaktoren,1) -> 13648 | D21: =$H$10*INDEX(Typfaktoren,1)*INDEX(Groessenfaktoren,2) -> 15354 | E21: =$H$10*INDEX(Typfaktoren,1)*INDEX(Groessenfaktoren,3) -> 17060 | F21: =$H$10*INDEX(Typfaktoren,2)*INDEX(Groessenfaktoren,1) -> 6824 | G21: =$H$10*INDEX(Typfaktoren,2)*INDEX(Groessenfaktoren,2) -> 7677 | H21: =$H$10*INDEX(Typfaktoren,2)*INDEX(Groessenfaktoren,3) -> 8530 | I21: =$H$10*INDEX(Typfaktoren,3) -> 17060
B23: Anrechnung Kundenbestand (Blatt „Kundenbestand“)
B24: Paket | C24: Titel im Bestand | D24: Wert* im Bestand | E24: Anteil am Paketwert | F24: verbleibender Wert* nach Archivrabatt | I24: Preis* nach Anrechnung inkl. Faktoren
B25: Suhrkamp Backlist Gesamt (bis 2025) | C25: =COUNTIFS(Titelliste!$P$2:$P$1218,"ja",Titelliste!$U$2:$U$1218,"x") -> 0 | D25: =SUMIFS(Titelliste!$V$2:$V$1218,Titelliste!$P$2:$P$1218,"ja") -> 0 | E25: =IF(F5>0,D25/F5,0) -> 0 | F25: =F5-D25 -> 200159.8 | I25: =ROUND(F25*(1-G5),-1)*$L$10 -> 100080
B26: Suhrkamp Backlist Philosophie & Religion | C26: =COUNTIFS(Titelliste!$P$2:$P$1218,"ja",Titelliste!$U$2:$U$1218,"x",Titelliste!$O$2:$O$1218,"Philosophie & Religion") -> 0 | D26: =SUMIFS(Titelliste!$V$2:$V$1218,Titelliste!$P$2:$P$1218,"ja",Titelliste!$O$2:$O$1218,"Philosophie & Religion") -> 0 | E26: =IF(F6>0,D26/F6,0) -> 0 | F26: =F6-D26 -> 52783.63 | I26: =ROUND(F26*(1-G6),-1)*$L$10 -> 47510
B27: Suhrkamp Backlist Soziologie, Gesellschaft & Wirtschaft | C27: =COUNTIFS(Titelliste!$P$2:$P$1218,"ja",Titelliste!$U$2:$U$1218,"x",Titelliste!$O$2:$O$1218,"Soziologie, Gesellschaft & Wirtschaft") -> 0 | D27: =SUMIFS(Titelliste!$V$2:$V$1218,Titelliste!$P$2:$P$1218,"ja",Titelliste!$O$2:$O$1218,"Soziologie, Gesellschaft & Wirtschaft") -> 0 | E27: =IF(F7>0,D27/F7,0) -> 0 | F27: =F7-D27 -> 54234.272 | I27: =ROUND(F27*(1-G7),-1)*$L$10 -> 48810
B28: Suhrkamp Backlist Politik, Recht & Geschichte | C28: =COUNTIFS(Titelliste!$P$2:$P$1218,"ja",Titelliste!$U$2:$U$1218,"x",Titelliste!$O$2:$O$1218,"Politik, Recht & Geschichte") -> 0 | D28: =SUMIFS(Titelliste!$V$2:$V$1218,Titelliste!$P$2:$P$1218,"ja",Titelliste!$O$2:$O$1218,"Politik, Recht & Geschichte") -> 0 | E28: =IF(F8>0,D28/F8,0) -> 0 | F28: =F8-D28 -> 43610.632 | I28: =ROUND(F28*(1-G8),-1)*$L$10 -> 39250
B29: Suhrkamp Backlist Kultur, Literatur & Medien | C29: =COUNTIFS(Titelliste!$P$2:$P$1218,"ja",Titelliste!$U$2:$U$1218,"x",Titelliste!$O$2:$O$1218,"Kultur, Literatur & Medien") -> 0 | D29: =SUMIFS(Titelliste!$V$2:$V$1218,Titelliste!$P$2:$P$1218,"ja",Titelliste!$O$2:$O$1218,"Kultur, Literatur & Medien") -> 0 | E29: =IF(F9>0,D29/F9,0) -> 0 | F29: =F9-D29 -> 30578.457 | I29: =ROUND(F29*(1-G9),-1)*$L$10 -> 27520
B30: Suhrkamp Backlist Werkausgaben & Editionen | C30: =COUNTIFS(Titelliste!$P$2:$P$1218,"ja",Titelliste!$U$2:$U$1218,"x",Titelliste!$O$2:$O$1218,"Werkausgaben & Editionen") -> 0 | D30: =SUMIFS(Titelliste!$V$2:$V$1218,Titelliste!$P$2:$P$1218,"ja",Titelliste!$O$2:$O$1218,"Werkausgaben & Editionen") -> 0 | E30: =IF(F10>0,D30/F10,0) -> 0 | F30: =F10-D30 -> 18952.812 | I30: =ROUND(F30*(1-G10),-1)*$L$10 -> 17060
B32: * Bruttopreise. Wert = Summe der Inst-Preise der enthaltenen Titel (Inst-Preis = NP × Faktor lt. Titelliste).
B33: Umfang: Suhrkamp-Backlist bis Erscheinungsjahr 2025 (Suhrkamp, Insel, Jüdischer Verlag, Deutscher Klassiker Verlag, Verlag der Weltreligionen). Die Neuerscheinungen 2026 sind in den Inlibra-Themenpaketen 2026 enthalten und hier ausgenommen.
B34: Archivrabatt je Titel nach Erscheinungsjahr (10–50 %, Konditionen Archivpakete), darauf der Grundrabatt des Pakets; Faktoren nach Einrichtungstyp und -größe lt. Tabelle oben rechts, für Staats-/Landesbibliotheken kein Größenfaktor.
B35: Mit dem Erwerb werden dauerhafte Zugriffsrechte erworben. Bereits erworbene Titel (z. B. über Contentselect) werden auf Nachweis (ISBN-Liste) angerechnet.

Sheet Kundenbestand
D1: Your Trusted Knowledge Base: https://www.inlibra.com
B2: Kundenbestand für die Anrechnung
B4: ISBN (E- oder Print-ISBN, mit/ohne Bindestriche) | C4: normiert (automatisch) | D4: Bereits erworbene Titel der Bibliothek (z. B. über Contentselect): ISBN-Liste in Spalte B einfügen. Die Titelliste markiert passende Titel, das Angebotsblatt rechnet den Preis nach Anrechnung. Für das nächste Angebot Liste wieder leeren.
C5: =IF(B5="","",IF(ISNUMBER(B5),TEXT(B5,"0"),SUBSTITUTE(SUBSTITUTE(TRIM(B5),"-","")," ","")))
C6: =IF(B6="","",IF(ISNUMBER(B6),TEXT(B6,"0"),SUBSTITUTE(SUBSTITUTE(TRIM(B6),"-","")," ","")))
C7: =IF(B7="","",IF(ISNUMBER(B7),TEXT(B7,"0"),SUBSTITUTE(SUBSTITUTE(TRIM(B7),"-","")," ","")))
C8: =IF(B8="","",IF(ISNUMBER(B8),TEXT(B8,"0"),SUBSTITUTE(SUBSTITUTE(TRIM(B8),"-","")," ","")))
C9: =IF(B9="","",IF(ISNUMBER(B9),TEXT(B9,"0"),SUBSTITUTE(SUBSTITUTE(TRIM(B9),"-","")," ","")))
C10: =IF(B10="","",IF(ISNUMBER(B10),TEXT(B10,"0"),SUBSTITUTE(SUBSTITUTE(TRIM(B10),"-","")," ","")))
C11: =IF(B11="","",IF(ISNUMBER(B11),TEXT(B11,"0"),SUBSTITUTE(SUBSTITUTE(TRIM(B11),"-","")," ","")))
C12: =IF(B12="","",IF(ISNUMBER(B12),TEXT(B12,"0"),SUBSTITUTE(SUBSTITUTE(TRIM(B12),"-","")," ","")))
C13: =IF(B13="","",IF(ISNUMBER(B13),TEXT(B13,"0"),SUBSTITUTE(SUBSTITUTE(TRIM(B13),"-","")," ","")))
C14: =IF(B14="","",IF(ISNUMBER(B14),TEXT(B14,"0"),SUBSTITUTE(SUBSTITUTE(TRIM(B14),"-","")," ","")))
C15: =IF(B15="","",IF(ISNUMBER(B15),TEXT(B15,"0"),SUBSTITUTE(SUBSTITUTE(TRIM(B15),"-","")," ","")))
C16: =IF(B16="","",IF(ISNUMBER(B16),TEXT(B16,"0"),SUBSTITUTE(SUBSTITUTE(TRIM(B16),"-","")," ","")))
... C3004: =IF(B3004="","",IF(ISNUMBER(B3004),TEXT(B3004,"0"),SUBSTITUTE(SUBSTITUTE(TRIM(B3004),"-","")," ","")))

Sheet Titelliste
A1: E-ISBN | B1: Print-ISBN | C1: Verlag | D1: Urheber | E1: Titel | F1: Untertitel | G1: ET | H1: Jahr | I1: NP* | J1: Faktor | K1: Inst-Preis* | L1: Inlibra-Status 19.10.2026 | M1: online auf Inlibra | N1: THEMA | O1: Fachpaket | P1: im Backlistangebot | Q1: Altersklasse | R1: Archiv-rabatt | S1: Wert nach Archivrabatt* | T1: Kunden-bestand manuell (x) | U1: Kunden-bestand | V1: Wert im Kundenbestand*
A2: 978-3-458-73188-7 | B2: 978-3-458-72020-1 | C2: Verlag der Weltreligionen | D2: Wilden | E2: Lieder von Hingabe und Staunen | F2: Gedichte der frühen tamilischen Bhakti | G2: 41470 | H2: =IF(ISNUMBER(G2),YEAR(G2),"") -> 2013 | I2: 196 | J2: 1.42 | K2: =IF(AND(ISNUMBER(I2),ISNUMBER(J2)),I2*J2,0) -> 278.32 | L2: Paket SoWi Classics | M2: ja | N2: DSB;1FK | O2: Kultur, Literatur & Medien | P2: =IF(LEFT(L2,13)="Inlibra Paket","nein – Frontlist 2026",IF(K2<=0,"nein – Preis fehlt","ja")) -> ja | Q2: =IF(H2="","",INDEX(Klasse_Name,MATCH(H2,Klasse_ab,1))) -> 2013–2016 | R2: =IF(H2="",0,INDEX(Klasse_Rabatt,MATCH(H2,Klasse_ab,1))) -> 0.4 | S2: =IF(P2="ja",K2*(1-R2),0) -> 166.992 | U2: =IF(OR(T2="x",ISNUMBER(MATCH(SUBSTITUTE(A2,"-",""),Kundenbestand!$C$5:$C$3004,0)),ISNUMBER(MATCH(SUBSTITUTE(B2,"-",""),Kundenbestand!$C$5:$C$3004,0))),"x","") | V2: =IF(U2="x",S2,0) -> 0
A3: 978-3-458-73249-5 | B3: 978-3-458-70042-5 | C3: Verlag der Weltreligionen | D3: Witzel/Scarlata/Gotō | E3: Rig-Veda. Das Heilige Wissen | F3: Dritter bis fünfter Liederkreis | G3: 41617 | H3: =IF(ISNUMBER(G3),YEAR(G3),"") -> 2013 | I3: 378 | J3: 1.42 | K3: =IF(AND(ISNUMBER(I3),ISNUMBER(J3)),I3*J3,0) -> 536.76 | L3: Paket SoWi Classics | M3: ja | N3: QRDF;DSB | O3: Philosophie & Religion | P3: =IF(LEFT(L3,13)="Inlibra Paket","nein – Frontlist 2026",IF(K3<=0,"nein – Preis fehlt","ja")) -> ja | Q3: =IF(H3="","",INDEX(Klasse_Name,MATCH(H3,Klasse_ab,1))) -> 2013–2016 | R3: =IF(H3="",0,INDEX(Klasse_Rabatt,MATCH(H3,Klasse_ab,1))) -> 0.4 | S3: =IF(P3="ja",K3*(1-R3),0) -> 322.056 | U3: =IF(OR(T3="x",ISNUMBER(MATCH(SUBSTITUTE(A3,"-",""),Kundenbestand!$C$5:$C$3004,0)),ISNUMBER(MATCH(SUBSTITUTE(B3,"-",""),Kundenbestand!$C$5:$C$3004,0))),"x","") | V3: =IF(U3="x",S3,0) -> 0
A4: 978-3-458-73368-3 | B4: 978-3-458-17588-9 | C4: Insel Verlag | D4: Böhmer | E4: Der Major, der den Krieg überlistete | G4: 41553 | H4: =IF(ISNUMBER(G4),YEAR(G4),"") -> 2013 | I4: 153.65 | J4: 1.42 | K4: =IF(AND(ISNUMBER(I4),ISNUMBER(J4)),I4*J4,0) -> 218.183 | L4: Paket SoWi Classics | M4: ja | N4: NHF;DNB;NHTB;1FKP | O4: Politik, Recht & Geschichte | P4: =IF(LEFT(L4,13)="Inlibra Paket","nein – Frontlist 2026",IF(K4<=0,"nein – Preis fehlt","ja")) -> ja | Q4: =IF(H4="","",INDEX(Klasse_Name,MATCH(H4,Klasse_ab,1))) -> 2013–2016 | R4: =IF(H4="",0,INDEX(Klasse_Rabatt,MATCH(H4,Klasse_ab,1))) -> 0.4 | S4: =IF(P4="ja",K4*(1-R4),0) -> 130.9098 | U4: =IF(OR(T4="x",ISNUMBER(MATCH(SUBSTITUTE(A4,"-",""),Kundenbestand!$C$5:$C$3004,0)),ISNUMBER(MATCH(SUBSTITUTE(B4,"-",""),Kundenbestand!$C$5:$C$3004,0))),"x","") | V4: =IF(U4="x",S4,0) -> 0
A5: 978-3-458-73495-6 | B5: 978-3-458-70043-2 | C5: Verlag der Weltreligionen | D5: Schreiner | E5: Visnupurāna | F5: Althergebrachte Kunde über Visnu | G5: 41568 | H5: =IF(ISNUMBER(G5),YEAR(G5),"") -> 2013 | I5: 406 | J5: 1.42 | K5: =IF(AND(ISNUMBER(I5),ISNUMBER(J5)),I5*J5,0) -> 576.52 | L5: Paket SoWi Classics | M5: ja | N5: QRD;QDHC;DSB | O5: Philosophie & Religion | P5: =IF(LEFT(L5,13)="Inlibra Paket","nein – Frontlist 2026",IF(K5<=0,"nein – Preis fehlt","ja")) -> ja | Q5: =IF(H5="","",INDEX(Klasse_Name,MATCH(H5,Klasse_ab,1))) -> 2013–2016 | R5: =IF(H5="",0,INDEX(Klasse_Rabatt,MATCH(H5,Klasse_ab,1))) -> 0.4 | S5: =IF(P5="ja",K5*(1-R5),0) -> 345.912 | U5: =IF(OR(T5="x",ISNUMBER(MATCH(SUBSTITUTE(A5,"-",""),Kundenbestand!$C$5:$C$3004,0)),ISNUMBER(MATCH(SUBSTITUTE(B5,"-",""),Kundenbestand!$C$5:$C$3004,0))),"x","") | V5: =IF(U5="x",S5,0) -> 0
A6: 978-3-458-73504-5 | B6: 978-3-458-70044-9 | C6: Verlag der Weltreligionen | D6: Meisig | E6: Samyutta-Nikāya - Die gruppierte Sammlung der Lehrreden des Buddha | G6: 41617 | H6: =IF(ISNUMBER(G6),YEAR(G6),"") -> 2013 | I6: 364 | J6: 1.42 | K6: =IF(AND(ISNUMBER(I6),ISNUMBER(J6)),I6*J6,0) -> 516.88 | L6: Paket SoWi Classics | M6: ja | N6: QRFF;QDHC;DSB | O6: Philosophie & Religion | P6: =IF(LEFT(L6,13)="Inlibra Paket","nein – Frontlist 2026",IF(K6<=0,"nein – Preis fehlt","ja")) -> ja | Q6: =IF(H6="","",INDEX(Klasse_Name,MATCH(H6,Klasse_ab,1))) -> 2013–2016 | R6: =IF(H6="",0,INDEX(Klasse_Rabatt,MATCH(H6,Klasse_ab,1))) -> 0.4 | S6: =IF(P6="ja",K6*(1-R6),0) -> 310.128 | U6: =IF(OR(T6="x",ISNUMBER(MATCH(SUBSTITUTE(A6,"-",""),Kundenbestand!$C$5:$C$3004,0)),ISNUMBER(MATCH(SUBSTITUTE(B6,"-",""),Kundenbestand!$C$5:$C$3004,0))),"x","") | V6: =IF(U6="x",S6,0) -> 0
A7: 978-3-458-73867-1 | B7: 978-3-458-17618-3 | C7: Insel Verlag | D7: Prinz | E7: Teresa von Ávila | F7: Biographie | G7: 41897 | H7: =IF(ISNUMBER(G7),YEAR(G7),"") -> 2014 | I7: 160.65 | J7: 1.42 | K7: =IF(AND(ISNUMBER(I7),ISNUMBER(J7)),I7*J7,0) -> 228.123 | L7: Paket SoWi Classics | M7: ja | N7: DNBX;QRVK2;DNBL;1DSE;3MD | O7: Kultur, Literatur & Medien | P7: =IF(LEFT(L7,13)="Inlibra Paket","nein – Frontlist 2026",IF(K7<=0,"nein – Preis fehlt","ja")) -> ja | Q7: =IF(H7="","",INDEX(Klasse_Name,MATCH(H7,Klasse_ab,1))) -> 2013–2016 | R7: =IF(H7="",0,INDEX(Klasse_Rabatt,MATCH(H7,Klasse_ab,1))) -> 0.4 | S7: =IF(P7="ja",K7*(1-R7),0) -> 136.8738 | U7: =IF(OR(T7="x",ISNUMBER(MATCH(SUBSTITUTE(A7,"-",""),Kundenbestand!$C$5:$C$3004,0)),ISNUMBER(MATCH(SUBSTITUTE(B7,"-",""),Kundenbestand!$C$5:$C$3004,0))),"x","") | V7: =IF(U7="x",S7,0) -> 0
A8: 978-3-458-73969-2 | B8: 978-3-458-17600-8 | C8: Insel Verlag | D8: Schmid | E8: Gelassenheit | F8: Was wir gewinnen, wenn wir älter werden | G8: 41722 | H8: =IF(ISNUMBER(G8),YEAR(G8),"") -> 2014 | I8: 84 | J8: 1.42 | K8: =IF(AND(ISNUMBER(I8),ISNUMBER(J8)),I8*J8,0) -> 119.28 | L8: Paket SoWi Classics | M8: ja | N8: VFJG;QDX;VSP | O8: Soziologie, Gesellschaft & Wirtschaft | P8: =IF(LEFT(L8,13)="Inlibra Paket","nein – Frontlist 2026",IF(K8<=0,"nein – Preis fehlt","ja")) -> ja | Q8: =IF(H8="","",INDEX(Klasse_Name,MATCH(H8,Klasse_ab,1))) -> 2013–2016 | R8: =IF(H8="",0,INDEX(Klasse_Rabatt,MATCH(H8,Klasse_ab,1))) -> 0.4 | S8: =IF(P8="ja",K8*(1-R8),0) -> 71.568 | U8: =IF(OR(T8="x",ISNUMBER(MATCH(SUBSTITUTE(A8,"-",""),Kundenbestand!$C$5:$C$3004,0)),ISNUMBER(MATCH(SUBSTITUTE(B8,"-",""),Kundenbestand!$C$5:$C$3004,0))),"x","") | V8: =IF(U8="x",S8,0) -> 0
A9: 978-3-458-73973-9 | B9: 978-3-458-70046-3 | C9: Verlag der Weltreligionen | D9: Wittern | E9: Jingde chuandeng lu | F9: Aufzeichnungen von der Übertragung der Leuchte aus der Ära Jingde | G9: 41897 | H9: =IF(ISNUMBER(G9),YEAR(G9),"") -> 2014 | I9: 476 | J9: 1.42 | K9: =IF(AND(ISNUMBER(I9),ISNUMBER(J9)),I9*J9,0) -> 675.92 | L9: Paket SoWi Classics | M9: ja | N9: QRFF;1FPC;3K;QRAX | O9: Philosophie & Religion | P9: =IF(LEFT(L9,13)="Inlibra Paket","nein – Frontlist 2026",IF(K9<=0,"nein – Preis fehlt","ja")) -> ja | Q9: =IF(H9="","",INDEX(Klasse_Name,MATCH(H9,Klasse_ab,1))) -> 2013–2016 | R9: =IF(H9="",0,INDEX(Klasse_Rabatt,MATCH(H9,Klasse_ab,1))) -> 0.4 | S9: =IF(P9="ja",K9*(1-R9),0) -> 405.552 | U9: =IF(OR(T9="x",ISNUMBER(MATCH(SUBSTITUTE(A9,"-",""),Kundenbestand!$C$5:$C$3004,0)),ISNUMBER(MATCH(SUBSTITUTE(B9,"-",""),Kundenbestand!$C$5:$C$3004,0))),"x","") | V9: =IF(U9="x",S9,0) -> 0
A10: 978-3-458-74029-2 | B10: 978-3-458-17631-2 | C10: Insel Verlag | D10: Duerr | E10: Die dunkle Nacht der Seele | F10: Nahtoderfahrungen und Jenseitsreisen | G10: 42283 | H10: =IF(ISNUMBER(G10),YEAR(G10),"") -> 2015 | I10: 266 | J10: 1.42 | K10: =IF(AND(ISNUMBER(I10),ISNUMBER(J10)),I10*J10,0) -> 377.72 | L10: Paket SoWi Classics | M10: ja | N10: JHBZ;VXW;VXQ;QRYM2;GT;DN;3M;3K;3C | O10: Soziologie, Gesellschaft & Wirtschaft | P10: =IF(LEFT(L10,13)="Inlibra Paket","nein – Frontlist 2026",IF(K10<=0,"nein – Preis fehlt","ja")) -> ja | Q10: =IF(H10="","",INDEX(Klasse_Name,MATCH(H10,Klasse_ab,1))) -> 2013–2016 | R10: =IF(H10="",0,INDEX(Klasse_Rabatt,MATCH(H10,Klasse_ab,1))) -> 0.4 | S10: =IF(P10="ja",K10*(1-R10),0) -> 226.632 | U10: =IF(OR(T10="x",ISNUMBER(MATCH(SUBSTITUTE(A10,"-",""),Kundenbestand!$C$5:$C$3004,0)),ISNUMBER(MATCH(SUBSTITUTE(B10,"-",""),Kundenbestand!$C$5:$C$3004,0))),"x","") | V10: =IF(U10="x",S10,0) -> 0
A11: 978-3-458-74539-6 | B11: 978-3-458-17674-9 | C11: Insel Verlag | D11: Maletzke | E11: Maud Gonne | F11: Ein Leben für Irland | G11: 42471 | H11: =IF(ISNUMBER(G11),YEAR(G11),"") -> 2016 | I11: 174.65 | J11: 1.42 | K11: =IF(AND(ISNUMBER(I11),ISNUMBER(J11)),I11*J11,0) -> 248.003 | L11: Paket SoWi Classics | M11: ja | N11: DNB | O11: Kultur, Literatur & Medien | P11: =IF(LEFT(L11,13)="Inlibra Paket","nein – Frontlist 2026",IF(K11<=0,"nein – Preis fehlt","ja")) -> ja | Q11: =IF(H11="","",INDEX(Klasse_Name,MATCH(H11,Klasse_ab,1))) -> 2013–2016 | R11: =IF(H11="",0,INDEX(Klasse_Rabatt,MATCH(H11,Klasse_ab,1))) -> 0.4 | S11: =IF(P11="ja",K11*(1-R11),0) -> 148.8018 | U11: =IF(OR(T11="x",ISNUMBER(MATCH(SUBSTITUTE(A11,"-",""),Kundenbestand!$C$5:$C$3004,0)),ISNUMBER(MATCH(SUBSTITUTE(B11,"-",""),Kundenbestand!$C$5:$C$3004,0))),"x","") | V11: =IF(U11="x",S11,0) -> 0
A12: 978-3-458-74905-9 | B12: 978-3-458-17691-6 | C12: Insel Verlag | D12: Pettegree | E12: Die Marke Luther | F12: Wie ein unbekannter Mönch eine deutsche Kleinstadt zum Zentrum der Druckindustrie und sich selbst zum berühmtesten Mann Europas machte – und die protestantische Reformation lostrat | G12: 42653 | H12: =IF(ISNUMBER(G12),YEAR(G12),"") -> 2016 | I12: 196 | J12: 1.42 | K12: =IF(AND(ISNUMBER(I12),ISNUMBER(J12)),I12*J12,0) -> 278.32 | L12: Paket SoWi Classics | M12: ja | N12: NHDN;QRM;QR;NHTV;NHT;NHD;NHB;NH;N;JB;DNX;DNB;DN;1D;3MD | O12: Politik, Recht & Geschichte | P12: =IF(LEFT(L12,13)="Inlibra Paket","nein – Frontlist 2026",IF(K12<=0,"nein – Preis fehlt","ja")) -> ja | Q12: =IF(H12="","",INDEX(Klasse_Name,MATCH(H12,Klasse_ab,1))) -> 2013–2016 | R12: =IF(H12="",0,INDEX(Klasse_Rabatt,MATCH(H12,Klasse_ab,1))) -> 0.4 | S12: =IF(P12="ja",K12*(1-R12),0) -> 166.992 | U12: =IF(OR(T12="x",ISNUMBER(MATCH(SUBSTITUTE(A12,"-",""),Kundenbestand!$C$5:$C$3004,0)),ISNUMBER(MATCH(SUBSTITUTE(B12,"-",""),Kundenbestand!$C$5:$C$3004,0))),"x","") | V12: =IF(U12="x",S12,0) -> 0
A13: 978-3-458-74933-2 | B13: 978-3-458-36180-0 | C13: Insel Verlag | D13: Beuys | E13: Maria Sibylla Merian | F13: Künstlerin, Forscherin, Geschäftsfrau. Eine Biographie | G13: 42688 | H13: =IF(ISNUMBER(G13),YEAR(G13),"") -> 2016 | I13: 132.65 | J13: 1.42 | K13: =IF(AND(ISNUMBER(I13),ISNUMBER(J13)),I13*J13,0) -> 188.363 | L13: Paket SoWi Classics | M13: ja | N13: DNBT;DNBH;DNBF | O13: Kultur, Literatur & Medien | P13: =IF(LEFT(L13,13)="Inlibra Paket","nein – Frontlist 2026",IF(K13<=0,"nein – Preis fehlt","ja")) -> ja | Q13: =IF(H13="","",INDEX(Klasse_Name,MATCH(H13,Klasse_ab,1))) -> 2013–2016 | R13: =IF(H13="",0,INDEX(Klasse_Rabatt,MATCH(H13,Klasse_ab,1))) -> 0.4 | S13: =IF(P13="ja",K13*(1-R13),0) -> 113.0178 | U13: =IF(OR(T13="x",ISNUMBER(MATCH(SUBSTITUTE(A13,"-",""),Kundenbestand!$C$5:$C$3004,0)),ISNUMBER(MATCH(SUBSTITUTE(B13,"-",""),Kundenbestand!$C$5:$C$3004,0))),"x","") | V13: =IF(U13="x",S13,0) -> 0
A14: 978-3-458-74943-1 | B14: 978-3-458-17689-3 | C14: Insel Verlag | D14: Beuys | E14: Helene Schjerfbeck | F14: Die Malerin aus Finnland | G14: 42590 | H14: =IF(ISNUMBER(G14),YEAR(G14),"") -> 2016 | I14: 209.3 | J14: 1.42 | K14: =IF(AND(ISNUMBER(I14),ISNUMBER(J14)),I14*J14,0) -> 297.206 | L14: Paket SoWi Classics | M14: ja | N14: DNBF;3MPB;3MNQ | O14: Kultur, Literatur & Medien | P14: =IF(LEFT(L14,13)="Inlibra Paket","nein – Frontlist 2026",IF(K14<=0,"nein – Preis fehlt","ja")) -> ja | Q14: =IF(H14="","",INDEX(Klasse_Name,MATCH(H14,Klasse_ab,1))) -> 2013–2016 | R14: =IF(H14="",0,INDEX(Klasse_Rabatt,MATCH(H14,Klasse_ab,1))) -> 0.4 | S14: =IF(P14="ja",K14*(1-R14),0) -> 178.3236 | U14: =IF(OR(T14="x",ISNUMBER(MATCH(SUBSTITUTE(A14,"-",""),Kundenbestand!$C$5:$C$3004,0)),ISNUMBER(MATCH(SUBSTITUTE(B14,"-",""),Kundenbestand!$C$5:$C$3004,0))),"x","") | V14: =IF(U14="x",S14,0) -> 0
A15: 978-3-458-75888-4 | B15: 978-3-458-17747-0 | C15: Insel Verlag | D15: Beuys | E15: Sophie Charlotte | F15: Preußens erste Königin | G15: 43171 | H15: =IF(ISNUMBER(G15),YEAR(G15),"") -> 2018 | I15: 182 | J15: 1.42 | K15: =IF(AND(ISNUMBER(I15),ISNUMBER(J15)),I15*J15,0) -> 258.44 | L15: Paket SoWi Classics | M15: ja | N15: DNBR;DNBH | O15: Kultur, Literatur & Medien | P15: =IF(LEFT(L15,13)="Inlibra Paket","nein – Frontlist 2026",IF(K15<=0,"nein – Preis fehlt","ja")) -> ja | Q15: =IF(H15="","",INDEX(Klasse_Name,MATCH(H15,Klasse_ab,1))) -> 2017–2020 | R15: =IF(H15="",0,INDEX(Klasse_Rabatt,MATCH(H15,Klasse_ab,1))) -> 0.25 | S15: =IF(P15="ja",K15*(1-R15),0) -> 193.83 | U15: =IF(OR(T15="x",ISNUMBER(MATCH(SUBSTITUTE(A15,"-",""),Kundenbestand!$C$5:$C$3004,0)),ISNUMBER(MATCH(SUBSTITUTE(B15,"-",""),Kundenbestand!$C$5:$C$3004,0))),"x","") | V15: =IF(U15="x",S15,0) -> 0
A16: 978-3-458-76235-5 | B16: 978-3-458-17799-9 | C16: Insel Verlag | D16: Vinken/Sprenger | E16: Marcel Proust und die Frauen | F16: 18. Publikation der Marcel Proust Gesellschaft | G16: 43689 | H16: =IF(ISNUMBER(G16),YEAR(G16),"") -> 2019 | I16: 189 | J16: 1.42 | K16: =IF(AND(ISNUMBER(I16),ISNUMBER(J16)),I16*J16,0) -> 268.38 | L16: Paket SoWi Classics | M16: ja | N16: DSK | O16: Kultur, Literatur & Medien | P16: =IF(LEFT(L16,13)="Inlibra Paket","nein – Frontlist 2026",IF(K16<=0,"nein – Preis fehlt","ja")) -> ja | Q16: =IF(H16="","",INDEX(Klasse_Name,MATCH(H16,Klasse_ab,1))) -> 2017–2020 | R16: =IF(H16="",0,INDEX(Klasse_Rabatt,MATCH(H16,Klasse_ab,1))) -> 0.25 | S16: =IF(P16="ja",K16*(1-R16),0) -> 201.285 | U16: =IF(OR(T16="x",ISNUMBER(MATCH(SUBSTITUTE(A16,"-",""),Kundenbestand!$C$5:$C$3004,0)),ISNUMBER(MATCH(SUBSTITUTE(B16,"-",""),Kundenbestand!$C$5:$C$3004,0))),"x","") | V16: =IF(U16="x",S16,0) -> 0
A17: 978-3-458-76240-9 | B17: 978-3-458-17787-6 | C17: Insel Verlag | D17: Vahland | E17: Leonardo da Vinci und die Frauen | F17: Eine Künstlerbiographie | G17: 43535 | H17: =IF(ISNUMBER(G17),YEAR(G17),"") -> 2019 | I17: 196 | J17: 1.42 | K17: =IF(AND(ISNUMBER(I17),ISNUMBER(J17)),I17*J17,0) -> 278.32 | L17: Paket SoWi Classics | M17: ja | N17: AFC;A;AB;AFF;AGA;AGB | O17: Kultur, Literatur & Medien | P17: =IF(LEFT(L17,13)="Inlibra Paket","nein – Frontlist 2026",IF(K17<=0,"nein – Preis fehlt","ja")) -> ja | Q17: =IF(H17="","",INDEX(Klasse_Name,MATCH(H17,Klasse_ab,1))) -> 2017–2020 | R17: =IF(H17="",0,INDEX(Klasse_Rabatt,MATCH(H17,Klasse_ab,1))) -> 0.25 | S17: =IF(P17="ja",K17*(1-R17),0) -> 208.74 | U17: =IF(OR(T17="x",ISNUMBER(MATCH(SUBSTITUTE(A17,"-",""),Kundenbestand!$C$5:$C$3004,0)),ISNUMBER(MATCH(SUBSTITUTE(B17,"-",""),Kundenbestand!$C$5:$C$3004,0))),"x","") | V17: =IF(U17="x",S17,0) -> 0
A18: 978-3-458-76249-2 | B18: 978-3-458-36422-1 | C18: Insel Verlag | D18: Gandhi/Kämpchen | E18: Die große Seele – Die Weisheit des Mahatma Gandhi | G18: 43689 | H18: =IF(ISNUMBER(G18),YEAR(G18),"") -> 2019 | I18: 56 | J18: 1.42 | K18: =IF(AND(ISNUMBER(I18),ISNUMBER(J18)),I18*J18,0) -> 79.52 | L18: Paket SoWi Classics | M18: ja | N18: DNT;3MP;GBCQ;JPVH;QRD;QRF;QRRC;WZG | O18: Kultur, Literatur & Medien | P18: =IF(LEFT(L18,13)="Inlibra Paket","nein – Frontlist 2026",IF(K18<=0,"nein – Preis fehlt","ja")) -> ja | Q18: =IF(H18="","",INDEX(Klasse_Name,MATCH(H18,Klasse_ab,1))) -> 2017–2020 | R18: =IF(H18="",0,INDEX(Klasse_Rabatt,MATCH(H18,Klasse_ab,1))) -> 0.25 | S18: =IF(P18="ja",K18*(1-R18),0) -> 59.64 | U18: =IF(OR(T18="x",ISNUMBER(MATCH(SUBSTITUTE(A18,"-",""),Kundenbestand!$C$5:$C$3004,0)),ISNUMBER(MATCH(SUBSTITUTE(B18,"-",""),Kundenbestand!$C$5:$C$3004,0))),"x","") | V18: =IF(U18="x",S18,0) -> 0
A19: 978-3-458-76260-7 | B19: 978-3-458-36419-1 | C19: Insel Verlag | D19: Humboldt/Thomas | E19: Die Kosmos-Vorlesung | G19: 43689 | H19: =IF(ISNUMBER(G19),YEAR(G19),"") -> 2019 | I19: 112 | J19: 1.42 | K19: =IF(AND(ISNUMBER(I19),ISNUMBER(J19)),I19*J19,0) -> 159.04 | L19: Paket SoWi Classics | M19: ja | N19: GTB;PDX | O19: Kultur, Literatur & Medien | P19: =IF(LEFT(L19,13)="Inlibra Paket","nein – Frontlist 2026",IF(K19<=0,"nein – Preis fehlt","ja")) -> ja | Q19: =IF(H19="","",INDEX(Klasse_Name,MATCH(H19,Klasse_ab,1))) -> 2017–2020 | R19: =IF(H19="",0,INDEX(Klasse_Rabatt,MATCH(H19,Klasse_ab,1))) -> 0.25 | S19: =IF(P19="ja",K19*(1-R19),0) -> 119.28 | U19: =IF(OR(T19="x",ISNUMBER(MATCH(SUBSTITUTE(A19,"-",""),Kundenbestand!$C$5:$C$3004,0)),ISNUMBER(MATCH(SUBSTITUTE(B19,"-",""),Kundenbestand!$C$5:$C$3004,0))),"x","") | V19: =IF(U19="x",S19,0) -> 0
A20: 978-3-458-76397-0 | B20: 978-3-458-17822-4 | C20: Insel Verlag | D20: Flannery | E20: Europa | F20: Die ersten 100 Millionen Jahre | »Tim Flannery ist eine Mischung aus Indiana Jones und Charles Darwin.« (Financial Times) | G20: 43780 | H20: =IF(ISNUMBER(G20),YEAR(G20),"") -> 2019 | I20: 196 | J20: 1.42 | K20: =IF(AND(ISNUMBER(I20),ISNUMBER(J20)),I20*J20,0) -> 278.32 | L20: Paket SoWi Classics | M20: ja | N20: NHD;1D;3B;3C;3K;3M;N;NH;NHB;NKD;NKL;NKP;R;RB;RBG;RBGF;RBX;RG;RGC;RGL;RGR;RN;RNK;RNP | O20: Politik, Recht & Geschichte | P20: =IF(LEFT(L20,13)="Inlibra Paket","nein – Frontlist 2026",IF(K20<=0,"nein – Preis fehlt","ja")) -> ja | Q20: =IF(H20="","",INDEX(Klasse_Name,MATCH(H20,Klasse_ab,1))) -> 2017–2020 | R20: =IF(H20="",0,INDEX(Klasse_Rabatt,MATCH(H20,Klasse_ab,1))) -> 0.25 | S20: =IF(P20="ja",K20*(1-R20),0) -> 208.74 | U20: =IF(OR(T20="x",ISNUMBER(MATCH(SUBSTITUTE(A20,"-",""),Kundenbestand!$C$5:$C$3004,0)),ISNUMBER(MATCH(SUBSTITUTE(B20,"-",""),Kundenbestand!$C$5:$C$3004,0))),"x","") | V20: =IF(U20="x",S20,0) -> 0
A21: 978-3-458-76569-1 | B21: 978-3-458-17841-5 | C21: Insel Verlag | D21: Beuys | E21: Asta Nielsen | F21: Filmgenie und Neue Frau | G21: 43913 | H21: =IF(ISNUMBER(G21),YEAR(G21),"") -> 2020 | I21: 175 | J21: 1.42 | K21: =IF(AND(ISNUMBER(I21),ISNUMBER(J21)),I21*J21,0) -> 248.5 | L21: Paket SoWi Classics | M21: ja | N21: DNB;ATC | O21: Kultur, Literatur & Medien | P21: =IF(LEFT(L21,13)="Inlibra Paket","nein – Frontlist 2026",IF(K21<=0,"nein – Preis fehlt","ja")) -> ja | Q21: =IF(H21="","",INDEX(Klasse_Name,MATCH(H21,Klasse_ab,1))) -> 2017–2020 | R21: =IF(H21="",0,INDEX(Klasse_Rabatt,MATCH(H21,Klasse_ab,1))) -> 0.25 | S21: =IF(P21="ja",K21*(1-R21),0) -> 186.375 | U21: =IF(OR(T21="x",ISNUMBER(MATCH(SUBSTITUTE(A21,"-",""),Kundenbestand!$C$5:$C$3004,0)),ISNUMBER(MATCH(SUBSTITUTE(B21,"-",""),Kundenbestand!$C$5:$C$3004,0))),"x","") | V21: =IF(U21="x",S21,0) -> 0
A22: 978-3-458-76572-1 | B22: 978-3-458-17844-6 | C22: Insel Verlag | D22: Duerr | E22: Diesseits von Eden | F22: Über den Ursprung der Religion | G22: 44060 | H22: =IF(ISNUMBER(G22),YEAR(G22),"") -> 2020 | I22: 266 | J22: 1.42 | K22: =IF(AND(ISNUMBER(I22),ISNUMBER(J22)),I22*J22,0) -> 377.72 | L22: Paket SoWi Classics | M22: ja | N22: QRAC;QRAM3;QRAX;QRYC;VXWS | O22: Philosophie & Religion | P22: =IF(LEFT(L22,13)="Inlibra Paket","nein – Frontlist 2026",IF(K22<=0,"nein – Preis fehlt","ja")) -> ja | Q22: =IF(H22="","",INDEX(Klasse_Name,MATCH(H22,Klasse_ab,1))) -> 2017–2020 | R22: =IF(H22="",0,INDEX(Klasse_Rabatt,MATCH(H22,Klasse_ab,1))) -> 0.25 | S22: =IF(P22="ja",K22*(1-R22),0) -> 283.29 | U22: =IF(OR(T22="x",ISNUMBER(MATCH(SUBSTITUTE(A22,"-",""),Kundenbestand!$C$5:$C$3004,0)),ISNUMBER(MATCH(SUBSTITUTE(B22,"-",""),Kundenbestand!$C$5:$C$3004,0))),"x","") | V22: =IF(U22="x",S22,0) -> 0
A23: 978-3-458-76708-4 | B23: 978-3-458-17869-9 | C23: Insel Verlag | D23: Marozzi | E23: Islamische Imperien | F23: Die Geschichte einer Zivilisation in fünfzehn Städten | »Eine herausragende Geschichte des Islam.« Peter Frankopan | G23: 44179 | H23: =IF(ISNUMBER(G23),YEAR(G23),"") -> 2020 | I23: 196 | J23: 1.42 | K23: =IF(AND(ISNUMBER(I23),ISNUMBER(J23)),I23*J23,0) -> 278.32 | L23: Paket SoWi Classics | M23: ja | N23: NH;N;NHB;NHD;NHF;NHG;NHH;NHTB;NHTQ;NHTV;NHWF;NHWL;NHWR;Q;QR;QRP | O23: Politik, Recht & Geschichte | P23: =IF(LEFT(L23,13)="Inlibra Paket","nein – Frontlist 2026",IF(K23<=0,"nein – Preis fehlt","ja")) -> ja | Q23: =IF(H23="","",INDEX(Klasse_Name,MATCH(H23,Klasse_ab,1))) -> 2017–2020 | R23: =IF(H23="",0,INDEX(Klasse_Rabatt,MATCH(H23,Klasse_ab,1))) -> 0.25 | S23: =IF(P23="ja",K23*(1-R23),0) -> 208.74 | U23: =IF(OR(T23="x",ISNUMBER(MATCH(SUBSTITUTE(A23,"-",""),Kundenbestand!$C$5:$C$3004,0)),ISNUMBER(MATCH(SUBSTITUTE(B23,"-",""),Kundenbestand!$C$5:$C$3004,0))),"x","") | V23: =IF(U23="x",S23,0) -> 0
A24: 978-3-458-77333-7 | B24: 978-3-458-17943-6 | C24: Insel Verlag | D24: Ribbat | E24: Wie die Queen. Die deutsch-jüdische Geschichte einer sehr britischen Schriftstellerin | G24: 44731 | H24: =IF(ISNUMBER(G24),YEAR(G24),"") -> 2022 | I24: 168 | J24: 1.42 | K24: =IF(AND(ISNUMBER(I24),ISNUMBER(J24)),I24*J24,0) -> 238.56 | L24: Paket SoWi Classics | M24: ja | N24: DNBL;1DDU | O24: Kultur, Literatur & Medien | P24: =IF(LEFT(L24,13)="Inlibra Paket","nein – Frontlist 2026",IF(K24<=0,"nein – Preis fehlt","ja")) -> ja | Q24: =IF(H24="","",INDEX(Klasse_Name,MATCH(H24,Klasse_ab,1))) -> 2021–2025 | R24: =IF(H24="",0,INDEX(Klasse_Rabatt,MATCH(H24,Klasse_ab,1))) -> 0.1 | S24: =IF(P24="ja",K24*(1-R24),0) -> 214.704 | U24: =IF(OR(T24="x",ISNUMBER(MATCH(SUBSTITUTE(A24,"-",""),Kundenbestand!$C$5:$C$3004,0)),ISNUMBER(MATCH(SUBSTITUTE(B24,"-",""),Kundenbestand!$C$5:$C$3004,0))),"x","") | V24: =IF(U24="x",S24,0) -> 0
A25: 978-3-458-78153-0 | B25: 978-3-458-16829-4 | C25: Insel Verlag | D25: Rilke/Fülleborn/Engel | E25: Werke. Kommentierte Ausgabe in vier Bänden mit einem Supplementband | F25: Band 1: Gedichte 1895 bis 1910 | G25: 35331 | H25: =IF(ISNUMBER(G25),YEAR(G25),"") -> 1996 | I25: 434 | J25: 1.42 | K25: =IF(AND(ISNUMBER(I25),ISNUMBER(J25)),I25*J25,0) -> 616.28 | L25: Paket SoWi Classics | M25: ja | O25: Werkausgaben & Editionen | P25: =IF(LEFT(L25,13)="Inlibra Paket","nein – Frontlist 2026",IF(K25<=0,"nein – Preis fehlt","ja")) -> ja | Q25: =IF(H25="","",INDEX(Klasse_Name,MATCH(H25,Klasse_ab,1))) -> bis 2012 | R25: =IF(H25="",0,INDEX(Klasse_Rabatt,MATCH(H25,Klasse_ab,1))) -> 0.5 | S25: =IF(P25="ja",K25*(1-R25),0) -> 308.14 | U25: =IF(OR(T25="x",ISNUMBER(MATCH(SUBSTITUTE(A25,"-",""),Kundenbestand!$C$5:$C$3004,0)),ISNUMBER(MATCH(SUBSTITUTE(B25,"-",""),Kundenbestand!$C$5:$C$3004,0))),"x","") | V25: =IF(U25="x",S25,0) -> 0
A26: 978-3-458-78154-7 | B26: 978-3-458-16830-0 | C26: Insel Verlag | D26: Rilke/Fülleborn/Engel | E26: Werke. Kommentierte Ausgabe in vier Bänden mit einem Supplementband | F26: Band 2: Gedichte 1910 bis 1926 | G26: 35331 | H26: =IF(ISNUMBER(G26),YEAR(G26),"") -> 1996 | I26: 434 | J26: 1.42 | K26: =IF(AND(ISNUMBER(I26),ISNUMBER(J26)),I26*J26,0) -> 616.28 | L26: Paket SoWi Classics | M26: ja | O26: Werkausgaben & Editionen | P26: =IF(LEFT(L26,13)="Inlibra Paket","nein – Frontlist 2026",IF(K26<=0,"nein – Preis fehlt","ja")) -> ja | Q26: =IF(H26="","",INDEX(Klasse_Name,MATCH(H26,Klasse_ab,1))) -> bis 2012 | R26: =IF(H26="",0,INDEX(Klasse_Rabatt,MATCH(H26,Klasse_ab,1))) -> 0.5 | S26: =IF(P26="ja",K26*(1-R26),0) -> 308.14 | U26: =IF(OR(T26="x",ISNUMBER(MATCH(SUBSTITUTE(A26,"-",""),Kundenbestand!$C$5:$C$3004,0)),ISNUMBER(MATCH(SUBSTITUTE(B26,"-",""),Kundenbestand!$C$5:$C$3004,0))),"x","") | V26: =IF(U26="x",S26,0) -> 0
A27: 978-3-458-78155-4 | B27: 978-3-458-16831-7 | C27: Insel Verlag | D27: Rilke/Stahl | E27: Werke. Kommentierte Ausgabe in vier Bänden mit einem Supplemantband | F27: Band 3: Erzählungen und Dramen. Die Aufzeichnungen des Malte Laurids Brigge | G27: 35331 | H27: =IF(ISNUMBER(G27),YEAR(G27),"") -> 1996 | I27: 434 | J27: 1.42 | K27: =IF(AND(ISNUMBER(I27),ISNUMBER(J27)),I27*J27,0) -> 616.28 | L27: Paket SoWi Classics | M27: ja | O27: Werkausgaben & Editionen | P27: =IF(LEFT(L27,13)="Inlibra Paket","nein – Frontlist 2026",IF(K27<=0,"nein – Preis fehlt","ja")) -> ja | Q27: =IF(H27="","",INDEX(Klasse_Name,MATCH(H27,Klasse_ab,1))) -> bis 2012 | R27: =IF(H27="",0,INDEX(Klasse_Rabatt,MATCH(H27,Klasse_ab,1))) -> 0.5 | S27: =IF(P27="ja",K27*(1-R27),0) -> 308.14 | U27: =IF(OR(T27="x",ISNUMBER(MATCH(SUBSTITUTE(A27,"-",""),Kundenbestand!$C$5:$C$3004,0)),ISNUMBER(MATCH(SUBSTITUTE(B27,"-",""),Kundenbestand!$C$5:$C$3004,0))),"x","") | V27: =IF(U27="x",S27,0) -> 0
A28: 978-3-458-78156-1 | B28: 978-3-458-16832-4 | C28: Insel Verlag | D28: Rilke/Nalewski | E28: Werke. Kommentierte Ausgabe in vier Bänden mit einem Supplemantband | F28: Band 4: Schriften zur Literatur und Kunst | G28: 35331 | H28: =IF(ISNUMBER(G28),YEAR(G28),"") -> 1996 | I28: 434 | J28: 1.42 | K28: =IF(AND(ISNUMBER(I28),ISNUMBER(J28)),I28*J28,0) -> 616.28 | L28: Paket SoWi Classics | M28: ja | O28: Werkausgaben & Editionen | P28: =IF(LEFT(L28,13)="Inlibra Paket","nein – Frontlist 2026",IF(K28<=0,"nein – Preis fehlt","ja")) -> ja | Q28: =IF(H28="","",INDEX(Klasse_Name,MATCH(H28,Klasse_ab,1))) -> bis 2012 | R28: =IF(H28="",0,INDEX(Klasse_Rabatt,MATCH(H28,Klasse_ab,1))) -> 0.5 | S28: =IF(P28="ja",K28*(1-R28),0) -> 308.14 | U28: =IF(OR(T28="x",ISNUMBER(MATCH(SUBSTITUTE(A28,"-",""),Kundenbestand!$C$5:$C$3004,0)),ISNUMBER(MATCH(SUBSTITUTE(B28,"-",""),Kundenbestand!$C$5:$C$3004,0))),"x","") | V28: =IF(U28="x",S28,0) -> 0
A29: 978-3-458-78157-8 | B29: 978-3-458-17146-1 | C29: Insel Verlag | D29: Rilke/Engel/Lauterbach | E29: Werke. Kommentierte Ausgabe in vier Bänden mit einem Supplementband | F29: Supplementband zur Kommentierten Ausgabe. Gedichte in französischer Sprache. Mit deutschen Prosafassungen | G29: 37732 | H29: =IF(ISNUMBER(G29),YEAR(G29),"") -> 2003 | I29: 266 | J29: 1.42 | K29: =IF(AND(ISNUMBER(I29),ISNUMBER(J29)),I29*J29,0) -> 377.72 | L29: Paket SoWi Classics | M29: ja | N29: DCC;DSBH;DSC;DCF;DCQ;3MP | O29: Werkausgaben & Editionen | P29: =IF(LEFT(L29,13)="Inlibra Paket","nein – Frontlist 2026",IF(K29<=0,"nein – Preis fehlt","ja")) -> ja | Q29: =IF(H29="","",INDEX(Klasse_Name,MATCH(H29,Klasse_ab,1))) -> bis 2012 | R29: =IF(H29="",0,INDEX(Klasse_Rabatt,MATCH(H29,Klasse_ab,1))) -> 0.5 | S29: =IF(P29="ja",K29*(1-R29),0) -> 188.86 | U29: =IF(OR(T29="x",ISNUMBER(MATCH(SUBSTITUTE(A29,"-",""),Kundenbestand!$C$5:$C$3004,0)),ISNUMBER(MATCH(SUBSTITUTE(B29,"-",""),Kundenbestand!$C$5:$C$3004,0))),"x","") | V29: =IF(U29="x",S29,0) -> 0
A30: 978-3-518-73040-9 | B30: 978-3-518-58329-6 | C30: Suhrkamp Verlag | D30: Elias/Blomert/Hammer/Heilbron/Treibel/Wilterdink/Norbert Elias Stichting | E30: Gesammelte Schriften in 19 Bänden | F30: Band 2: Die höfische Gesellschaft. Untersuchungen zur Soziologie des Königtums und der höfischen Aristokratie | G30: 37550 | H30: =IF(ISNUMBER(G30),YEAR(G30),"") -> 2002 | I30: 230.3 | J30: 1.42 | K30: =IF(AND(ISNUMBER(I30),ISNUMBER(J30)),I30*J30,0) -> 327.026 | L30: Paket SoWi Classics | M30: ja | N30: NHTB;NHD;JHBA;JBS;1D;3ML;3MG;3MD | O30: Werkausgaben & Editionen | P30: =IF(LEFT(L30,13)="Inlibra Paket","nein – Frontlist 2026",IF(K30<=0,"nein – Preis fehlt","ja")) -> ja | Q30: =IF(H30="","",INDEX(Klasse_Name,MATCH(H30,Klasse_ab,1))) -> bis 2012 | R30: =IF(H30="",0,INDEX(Klasse_Rabatt,MATCH(H30,Klasse_ab,1))) -> 0.5 | S30: =IF(P30="ja",K30*(1-R30),0) -> 163.513 | U30: =IF(OR(T30="x",ISNUMBER(MATCH(SUBSTITUTE(A30,"-",""),Kundenbestand!$C$5:$C$3004,0)),ISNUMBER(MATCH(SUBSTITUTE(B30,"-",""),Kundenbestand!$C$5:$C$3004,0))),"x","") | V30: =IF(U30="x",S30,0) -> 0
A31: 978-3-518-73056-0 | B31: 978-3-518-58245-9 | C31: Suhrkamp Verlag | D31: Elias/Hammer/Heilbron/Merz-Benz/Treibel/Wilterdink | E31: Gesammelte Schriften in 19 Bänden | F31: Band 3.1: Über den Prozeß der Zivilisation. Soziogenetische und psychogenetische Untersuchungen | G31: 35602 | H31: =IF(ISNUMBER(G31),YEAR(G31),"") -> 1997 | I31: 201.6 | J31: 1.42 | K31: =IF(AND(ISNUMBER(I31),ISNUMBER(J31)),I31*J31,0) -> 286.272 | L31: Paket SoWi Classics | M31: ja | O31: Werkausgaben & Editionen | P31: =IF(LEFT(L31,13)="Inlibra Paket","nein – Frontlist 2026",IF(K31<=0,"nein – Preis fehlt","ja")) -> ja | Q31: =IF(H31="","",INDEX(Klasse_Name,MATCH(H31,Klasse_ab,1))) -> bis 2012 | R31: =IF(H31="",0,INDEX(Klasse_Rabatt,MATCH(H31,Klasse_ab,1))) -> 0.5 | S31: =IF(P31="ja",K31*(1-R31),0) -> 143.136 | U31: =IF(OR(T31="x",ISNUMBER(MATCH(SUBSTITUTE(A31,"-",""),Kundenbestand!$C$5:$C$3004,0)),ISNUMBER(MATCH(SUBSTITUTE(B31,"-",""),Kundenbestand!$C$5:$C$3004,0))),"x","") | V31: =IF(U31="x",S31,0) -> 0
A32: 978-3-518-73061-4 | B32: 978-3-518-58318-0 | C32: Suhrkamp Verlag | D32: Elias/Wilterdink/Hammer/Heilbron/Treibel/Blomert | E32: Gesammelte Schriften in 19 Bänden | F32: Band 4: Etablierte und Außenseiter | G32: 37396 | H32: =IF(ISNUMBER(G32),YEAR(G32),"") -> 2002 | I32: 224 | J32: 1.42 | K32: =IF(AND(ISNUMBER(I32),ISNUMBER(J32)),I32*J32,0) -> 318.08 | L32: Paket SoWi Classics | M32: ja | N32: JBSC;NHTB;NHD;JHBA;JHB;JBS;1DDU | O32: Werkausgaben & Editionen | P32: =IF(LEFT(L32,13)="Inlibra Paket","nein – Frontlist 2026",IF(K32<=0,"nein – Preis fehlt","ja")) -> ja | Q32: =IF(H32="","",INDEX(Klasse_Name,MATCH(H32,Klasse_ab,1))) -> bis 2012 | R32: =IF(H32="",0,INDEX(Klasse_Rabatt,MATCH(H32,Klasse_ab,1))) -> 0.5 | S32: =IF(P32="ja",K32*(1-R32),0) -> 159.04 | U32: =IF(OR(T32="x",ISNUMBER(MATCH(SUBSTITUTE(A32,"-",""),Kundenbestand!$C$5:$C$3004,0)),ISNUMBER(MATCH(SUBSTITUTE(B32,"-",""),Kundenbestand!$C$5:$C$3004,0))),"x","") | V32: =IF(U32="x",S32,0) -> 0
A33: 978-3-518-73066-9 | B33: 978-3-518-58429-3 | C33: Suhrkamp Verlag | D33: Elias | E33: Gesammelte Schriften in 19 Bänden | F33: Band 5: Was ist Soziologie? | G33: 39048 | H33: =IF(ISNUMBER(G33),YEAR(G33),"") -> 2006 | I33: 224 | J33: 1.42 | K33: =IF(AND(ISNUMBER(I33),ISNUMBER(J33)),I33*J33,0) -> 318.08 | L33: Paket SoWi Classics | M33: ja | N33: JHB;GB | O33: Werkausgaben & Editionen | P33: =IF(LEFT(L33,13)="Inlibra Paket","nein – Frontlist 2026",IF(K33<=0,"nein – Preis fehlt","ja")) -> ja | Q33: =IF(H33="","",INDEX(Klasse_Name,MATCH(H33,Klasse_ab,1))) -> bis 2012 | R33: =IF(H33="",0,INDEX(Klasse_Rabatt,MATCH(H33,Klasse_ab,1))) -> 0.5 | S33: =IF(P33="ja",K33*(1-R33),0) -> 159.04 | U33: =IF(OR(T33="x",ISNUMBER(MATCH(SUBSTITUTE(A33,"-",""),Kundenbestand!$C$5:$C$3004,0)),ISNUMBER(MATCH(SUBSTITUTE(B33,"-",""),Kundenbestand!$C$5:$C$3004,0))),"x","") | V33: =IF(U33="x",S33,0) -> 0
A34: 978-3-518-73081-2 | B34: 978-3-518-58351-7 | C34: Suhrkamp Verlag | D34: Elias/Blomert/Hammer/Heilbron/Treibel/Wilterdink | E34: Gesammelte Schriften in 19 Bänden | F34: Band 6: Über die Einsamkeit der Sterbenden in unseren Tagen/Humana conditio | G34: 37550 | H34: =IF(ISNUMBER(G34),YEAR(G34),"") -> 2002 | I34: 209.3 | J34: 1.42 | K34: =IF(AND(ISNUMBER(I34),ISNUMBER(J34)),I34*J34,0) -> 297.206 | L34: Paket SoWi Classics | M34: ja | N34: JHBZ;GT | O34: Werkausgaben & Editionen | P34: =IF(LEFT(L34,13)="Inlibra Paket","nein – Frontlist 2026",IF(K34<=0,"nein – Preis fehlt","ja")) -> ja | Q34: =IF(H34="","",INDEX(Klasse_Name,MATCH(H34,Klasse_ab,1))) -> bis 2012 | R34: =IF(H34="",0,INDEX(Klasse_Rabatt,MATCH(H34,Klasse_ab,1))) -> 0.5 | S34: =IF(P34="ja",K34*(1-R34),0) -> 148.603 | U34: =IF(OR(T34="x",ISNUMBER(MATCH(SUBSTITUTE(A34,"-",""),Kundenbestand!$C$5:$C$3004,0)),ISNUMBER(MATCH(SUBSTITUTE(B34,"-",""),Kundenbestand!$C$5:$C$3004,0))),"x","") | V34: =IF(U34="x",S34,0) -> 0
A35: 978-3-518-73114-7 | B35: 978-3-518-42372-1 | C35: Suhrkamp Verlag | D35: Menzel | E35: Die Ordnung der Welt | G35: 42133 | H35: =IF(ISNUMBER(G35),YEAR(G35),"") -> 2015 | I35: 349.65 | J35: 1.42 | K35: =IF(AND(ISNUMBER(I35),ISNUMBER(J35)),I35*J35,0) -> 496.503 | L35: Paket SoWi Classics | M35: ja | N35: NHB;JPH;JPB;JP;GTQ | O35: Politik, Recht & Geschichte | P35: =IF(LEFT(L35,13)="Inlibra Paket","nein – Frontlist 2026",IF(K35<=0,"nein – Preis fehlt","ja")) -> ja | Q35: =IF(H35="","",INDEX(Klasse_Name,MATCH(H35,Klasse_ab,1))) -> 2013–2016 | R35: =IF(H35="",0,INDEX(Klasse_Rabatt,MATCH(H35,Klasse_ab,1))) -> 0.4 | S35: =IF(P35="ja",K35*(1-R35),0) -> 297.9018 | U35: =IF(OR(T35="x",ISNUMBER(MATCH(SUBSTITUTE(A35,"-",""),Kundenbestand!$C$5:$C$3004,0)),ISNUMBER(MATCH(SUBSTITUTE(B35,"-",""),Kundenbestand!$C$5:$C$3004,0))),"x","") | V35: =IF(U35="x",S35,0) -> 0
A36: 978-3-518-73176-5 | B36: 978-3-518-58363-0 | C36: Suhrkamp Verlag | D36: Elias | E36: Gesammelte Schriften in 19 Bänden | F36: Band 7: Norbert Elias und Eric Dunning, Sport und Spannung im Prozeß der Zivilisation | G36: 37760 | H36: =IF(ISNUMBER(G36),YEAR(G36),"") -> 2003 | I36: 244.3 | J36: 1.42 | K36: =IF(AND(ISNUMBER(I36),ISNUMBER(J36)),I36*J36,0) -> 346.906 | L36: Paket SoWi Classics | M36: ja | N36: JHBS;SCGP;NHTB | O36: Werkausgaben & Editionen | P36: =IF(LEFT(L36,13)="Inlibra Paket","nein – Frontlist 2026",IF(K36<=0,"nein – Preis fehlt","ja")) -> ja | Q36: =IF(H36="","",INDEX(Klasse_Name,MATCH(H36,Klasse_ab,1))) -> bis 2012 | R36: =IF(H36="",0,INDEX(Klasse_Rabatt,MATCH(H36,Klasse_ab,1))) -> 0.5 | S36: =IF(P36="ja",K36*(1-R36),0) -> 173.453 | U36: =IF(OR(T36="x",ISNUMBER(MATCH(SUBSTITUTE(A36,"-",""),Kundenbestand!$C$5:$C$3004,0)),ISNUMBER(MATCH(SUBSTITUTE(B36,"-",""),Kundenbestand!$C$5:$C$3004,0))),"x","") | V36: =IF(U36="x",S36,0) -> 0
A37: 978-3-518-73281-6 | B37: 978-3-518-58381-4 | C37: Suhrkamp Verlag | D37: Elias/Schröter | E37: Gesammelte Schriften in 19 Bänden | F37: Band 8: Engagement und Distanzierung | G37: 37949 | H37: =IF(ISNUMBER(G37),YEAR(G37),"") -> 2003 | I37: 224 | J37: 1.42 | K37: =IF(AND(ISNUMBER(I37),ISNUMBER(J37)),I37*J37,0) -> 318.08 | L37: Paket SoWi Classics | M37: ja | N37: GT;QD;JNZ | O37: Werkausgaben & Editionen | P37: =IF(LEFT(L37,13)="Inlibra Paket","nein – Frontlist 2026",IF(K37<=0,"nein – Preis fehlt","ja")) -> ja | Q37: =IF(H37="","",INDEX(Klasse_Name,MATCH(H37,Klasse_ab,1))) -> bis 2012 | R37: =IF(H37="",0,INDEX(Klasse_Rabatt,MATCH(H37,Klasse_ab,1))) -> 0.5 | S37: =IF(P37="ja",K37*(1-R37),0) -> 159.04 | U37: =IF(OR(T37="x",ISNUMBER(MATCH(SUBSTITUTE(A37,"-",""),Kundenbestand!$C$5:$C$3004,0)),ISNUMBER(MATCH(SUBSTITUTE(B37,"-",""),Kundenbestand!$C$5:$C$3004,0))),"x","") | V37: =IF(U37="x",S37,0) -> 0
A38: 978-3-518-73296-0 | B38: 978-3-518-58421-7 | C38: Suhrkamp Verlag | D38: Elias/Schröter | E38: Gesammelte Schriften in 19 Bänden | F38: Band 9: Über die Zeit | G38: 38285 | H38: =IF(ISNUMBER(G38),YEAR(G38),"") -> 2004 | I38: 201.6 | J38: 1.42 | K38: =IF(AND(ISNUMBER(I38),ISNUMBER(J38)),I38*J38,0) -> 286.272 | L38: Paket SoWi Classics | M38: ja | N38: QDHR;NHTB;JHBA;JHB | O38: Werkausgaben & Editionen | P38: =IF(LEFT(L38,13)="Inlibra Paket","nein – Frontlist 2026",IF(K38<=0,"nein – Preis fehlt","ja")) -> ja | Q38: =IF(H38="","",INDEX(Klasse_Name,MATCH(H38,Klasse_ab,1))) -> bis 2012 | R38: =IF(H38="",0,INDEX(Klasse_Rabatt,MATCH(H38,Klasse_ab,1))) -> 0.5 | S38: =IF(P38="ja",K38*(1-R38),0) -> 143.136 | U38: =IF(OR(T38="x",ISNUMBER(MATCH(SUBSTITUTE(A38,"-",""),Kundenbestand!$C$5:$C$3004,0)),ISNUMBER(MATCH(SUBSTITUTE(B38,"-",""),Kundenbestand!$C$5:$C$3004,0))),"x","") | V38: =IF(U38="x",S38,0) -> 0
A39: 978-3-518-73353-0 | B39: 978-3-518-12675-2 | C39: Suhrkamp Verlag | D39: Metz/Seeßlen | E39: Geld frisst Kunst – Kunst frisst Geld | F39: Ein Pamphlet | G39: 41869 | H39: =IF(ISNUMBER(G39),YEAR(G39),"") -> 2014 | I39: 140 | J39: 1.42 | K39: =IF(AND(ISNUMBER(I39),ISNUMBER(J39)),I39*J39,0) -> 198.8 | L39: Paket SoWi Classics | M39: ja | N39: ABQ | O39: Kultur, Literatur & Medien | P39: =IF(LEFT(L39,13)="Inlibra Paket","nein – Frontlist 2026",IF(K39<=0,"nein – Preis fehlt","ja")) -> ja | Q39: =IF(H39="","",INDEX(Klasse_Name,MATCH(H39,Klasse_ab,1))) -> 2013–2016 | R39: =IF(H39="",0,INDEX(Klasse_Rabatt,MATCH(H39,Klasse_ab,1))) -> 0.4 | S39: =IF(P39="ja",K39*(1-R39),0) -> 119.28 | U39: =IF(OR(T39="x",ISNUMBER(MATCH(SUBSTITUTE(A39,"-",""),Kundenbestand!$C$5:$C$3004,0)),ISNUMBER(MATCH(SUBSTITUTE(B39,"-",""),Kundenbestand!$C$5:$C$3004,0))),"x","") | V39: =IF(U39="x",S39,0) -> 0
A40: 978-3-518-73378-3 | B40: 978-3-518-58314-2 | C40: Suhrkamp Verlag | D40: Elias/Schröter | E40: Gesammelte Schriften in 19 Bänden | F40: Band 10: Die Gesellschaft der Individuen | G40: 37186 | H40: =IF(ISNUMBER(G40),YEAR(G40),"") -> 2001 | I40: 280 | J40: 1.42 | K40: =IF(AND(ISNUMBER(I40),ISNUMBER(J40)),I40*J40,0) -> 397.6 | L40: Paket SoWi Classics | M40: ja | N40: JHBA;NHTB;JHB | O40: Werkausgaben & Editionen | P40: =IF(LEFT(L40,13)="Inlibra Paket","nein – Frontlist 2026",IF(K40<=0,"nein – Preis fehlt","ja")) -> ja | Q40: =IF(H40="","",INDEX(Klasse_Name,MATCH(H40,Klasse_ab,1))) -> bis 2012 | R40: =IF(H40="",0,INDEX(Klasse_Rabatt,MATCH(H40,Klasse_ab,1))) -> 0.5 | S40: =IF(P40="ja",K40*(1-R40),0) -> 198.8 | U40: =IF(OR(T40="x",ISNUMBER(MATCH(SUBSTITUTE(A40,"-",""),Kundenbestand!$C$5:$C$3004,0)),ISNUMBER(MATCH(SUBSTITUTE(B40,"-",""),Kundenbestand!$C$5:$C$3004,0))),"x","") | V40: =IF(U40="x",S40,0) -> 0
A41: 978-3-518-73413-1 | B41: 978-3-518-42411-7 | C41: Suhrkamp Verlag | D41: Frank | E41: Gauck | F41: Eine Biographie | G41: 41953 | H41: =IF(ISNUMBER(G41),YEAR(G41),"") -> 2014 | I41: 76.93 | J41: 1.42 | K41: =IF(AND(ISNUMBER(I41),ISNUMBER(J41)),I41*J41,0) -> 109.2406 | L41: Paket SoWi Classics | M41: ja | N41: DNBH;NHD;JPHL;1QBDL;1DFG;3MR;3MPQ | O41: Kultur, Literatur & Medien | P41: =IF(LEFT(L41,13)="Inlibra Paket","nein – Frontlist 2026",IF(K41<=0,"nein – Preis fehlt","ja")) -> ja | Q41: =IF(H41="","",INDEX(Klasse_Name,MATCH(H41,Klasse_ab,1))) -> 2013–2016 | R41: =IF(H41="",0,INDEX(Klasse_Rabatt,MATCH(H41,Klasse_ab,1))) -> 0.4 | S41: =IF(P41="ja",K41*(1-R41),0) -> 65.54436 | U41: =IF(OR(T41="x",ISNUMBER(MATCH(SUBSTITUTE(A41,"-",""),Kundenbestand!$C$5:$C$3004,0)),ISNUMBER(MATCH(SUBSTITUTE(B41,"-",""),Kundenbestand!$C$5:$C$3004,0))),"x","") | V41: =IF(U41="x",S41,0) -> 0
A42: 978-3-518-73418-6 | B42: 978-3-518-58425-5 | C42: Suhrkamp Verlag | D42: Elias/Blomert/Hammer/Heilbron/Treibel/Wilterdink/Schröter | E42: Gesammelte Schriften in 19 Bänden | F42: Band 11: Studien über die Deutschen | G42: 38467 | H42: =IF(ISNUMBER(G42),YEAR(G42),"") -> 2005 | I42: 266 | J42: 1.42 | K42: =IF(AND(ISNUMBER(I42),ISNUMBER(J42)),I42*J42,0) -> 377.72 | L42: Paket SoWi Classics | M42: ja | N42: NHD;NHTB;JP;JHB;JBCC;1DFG | O42: Werkausgaben & Editionen | P42: =IF(LEFT(L42,13)="Inlibra Paket","nein – Frontlist 2026",IF(K42<=0,"nein – Preis fehlt","ja")) -> ja | Q42: =IF(H42="","",INDEX(Klasse_Name,MATCH(H42,Klasse_ab,1))) -> bis 2012 | R42: =IF(H42="",0,INDEX(Klasse_Rabatt,MATCH(H42,Klasse_ab,1))) -> 0.5 | S42: =IF(P42="ja",K42*(1-R42),0) -> 188.86 | U42: =IF(OR(T42="x",ISNUMBER(MATCH(SUBSTITUTE(A42,"-",""),Kundenbestand!$C$5:$C$3004,0)),ISNUMBER(MATCH(SUBSTITUTE(B42,"-",""),Kundenbestand!$C$5:$C$3004,0))),"x","") | V42: =IF(U42="x",S42,0) -> 0
A43: 978-3-518-73438-4 | B43: 978-3-518-58601-3 | C43: Suhrkamp Verlag | D43: Nagel | E43: Geist und Kosmos | F43: Warum die materialistische neodarwinistische Konzeption der Natur so gut wie sicher falsch ist | G43: 41553 | H43: =IF(ISNUMBER(G43),YEAR(G43),"") -> 2013 | I43: 174.65 | J43: 1.42 | K43: =IF(AND(ISNUMBER(I43),ISNUMBER(J43)),I43*J43,0) -> 248.003 | L43: Paket SoWi Classics | M43: ja | N43: QDT;QDTM;QDHR;3MR | O43: Philosophie & Religion | P43: =IF(LEFT(L43,13)="Inlibra Paket","nein – Frontlist 2026",IF(K43<=0,"nein – Preis fehlt","ja")) -> ja | Q43: =IF(H43="","",INDEX(Klasse_Name,MATCH(H43,Klasse_ab,1))) -> 2013–2016 | R43: =IF(H43="",0,INDEX(Klasse_Rabatt,MATCH(H43,Klasse_ab,1))) -> 0.4 | S43: =IF(P43="ja",K43*(1-R43),0) -> 148.8018 | U43: =IF(OR(T43="x",ISNUMBER(MATCH(SUBSTITUTE(A43,"-",""),Kundenbestand!$C$5:$C$3004,0)),ISNUMBER(MATCH(SUBSTITUTE(B43,"-",""),Kundenbestand!$C$5:$C$3004,0))),"x","") | V43: =IF(U43="x",S43,0) -> 0
A44: 978-3-518-73486-5 | B44: 978-3-518-58438-5 | C44: Suhrkamp Verlag | D44: Elias/Schröter | E44: Gesammelte Schriften in 19 Bänden | F44: Band 12: Mozart. Zur Soziologie eines Genies | G44: 38635 | H44: =IF(ISNUMBER(G44),YEAR(G44),"") -> 2005 | I44: 195.3 | J44: 1.42 | K44: =IF(AND(ISNUMBER(I44),ISNUMBER(J44)),I44*J44,0) -> 277.326 | L44: Paket SoWi Classics | M44: ja | N44: JBF;AVN | O44: Werkausgaben & Editionen | P44: =IF(LEFT(L44,13)="Inlibra Paket","nein – Frontlist 2026",IF(K44<=0,"nein – Preis fehlt","ja")) -> ja | Q44: =IF(H44="","",INDEX(Klasse_Name,MATCH(H44,Klasse_ab,1))) -> bis 2012 | R44: =IF(H44="",0,INDEX(Klasse_Rabatt,MATCH(H44,Klasse_ab,1))) -> 0.5 | S44: =IF(P44="ja",K44*(1-R44),0) -> 138.663 | U44: =IF(OR(T44="x",ISNUMBER(MATCH(SUBSTITUTE(A44,"-",""),Kundenbestand!$C$5:$C$3004,0)),ISNUMBER(MATCH(SUBSTITUTE(B44,"-",""),Kundenbestand!$C$5:$C$3004,0))),"x","") | V44: =IF(U44="x",S44,0) -> 0
A45: 978-3-518-73501-5 | B45: 978-3-518-58309-8 | C45: Suhrkamp Verlag | D45: Elias/Kuzmics | E45: Gesammelte Schriften in 19 Bänden | F45: Band 13: Symboltheorie | G45: 37186 | H45: =IF(ISNUMBER(G45),YEAR(G45),"") -> 2001 | I45: 266 | J45: 1.42 | K45: =IF(AND(ISNUMBER(I45),ISNUMBER(J45)),I45*J45,0) -> 377.72 | L45: Paket SoWi Classics | M45: ja | N45: QDT;NHTB;JHBA;JHB;GTT;CFA | O45: Werkausgaben & Editionen | P45: =IF(LEFT(L45,13)="Inlibra Paket","nein – Frontlist 2026",IF(K45<=0,"nein – Preis fehlt","ja")) -> ja | Q45: =IF(H45="","",INDEX(Klasse_Name,MATCH(H45,Klasse_ab,1))) -> bis 2012 | R45: =IF(H45="",0,INDEX(Klasse_Rabatt,MATCH(H45,Klasse_ab,1))) -> 0.5 | S45: =IF(P45="ja",K45*(1-R45),0) -> 188.86 | U45: =IF(OR(T45="x",ISNUMBER(MATCH(SUBSTITUTE(A45,"-",""),Kundenbestand!$C$5:$C$3004,0)),ISNUMBER(MATCH(SUBSTITUTE(B45,"-",""),Kundenbestand!$C$5:$C$3004,0))),"x","") | V45: =IF(U45="x",S45,0) -> 0
A46: 978-3-518-73608-1 | B46: 978-3-518-12677-6 | C46: Suhrkamp Verlag | D46: Mouffe | E46: Agonistik | F46: Die Welt politisch denken | G46: 41778 | H46: =IF(ISNUMBER(G46),YEAR(G46),"") -> 2014 | I46: 112 | J46: 1.42 | K46: =IF(AND(ISNUMBER(I46),ISNUMBER(J46)),I46*J46,0) -> 159.04 | L46: Paket SoWi Classics | M46: ja | N46: JPA;QDTS;QDHR;CFA;3MR;3MP;6PD | O46: Politik, Recht & Geschichte | P46: =IF(LEFT(L46,13)="Inlibra Paket","nein – Frontlist 2026",IF(K46<=0,"nein – Preis fehlt","ja")) -> ja | Q46: =IF(H46="","",INDEX(Klasse_Name,MATCH(H46,Klasse_ab,1))) -> 2013–2016 | R46: =IF(H46="",0,INDEX(Klasse_Rabatt,MATCH(H46,Klasse_ab,1))) -> 0.4 | S46: =IF(P46="ja",K46*(1-R46),0) -> 95.424 | U46: =IF(OR(T46="x",ISNUMBER(MATCH(SUBSTITUTE(A46,"-",""),Kundenbestand!$C$5:$C$3004,0)),ISNUMBER(MATCH(SUBSTITUTE(B46,"-",""),Kundenbestand!$C$5:$C$3004,0))),"x","") | V46: =IF(U46="x",S46,0) -> 0
A47: 978-3-518-73628-9 | B47: 978-3-518-12682-0 | C47: Suhrkamp Verlag | D47: Nachtwey | E47: Die Abstiegsgesellschaft | F47: Über das Aufbegehren in der regressiven Moderne | G47: 42498 | H47: =IF(ISNUMBER(G47),YEAR(G47),"") -> 2016 | I47: 140 | J47: 1.42 | K47: =IF(AND(ISNUMBER(I47),ISNUMBER(J47)),I47*J47,0) -> 198.8 | L47: Paket SoWi Classics | M47: ja | N47: JHBD;JBSA;JBFZ;JBFA | O47: Soziologie, Gesellschaft & Wirtschaft | P47: =IF(LEFT(L47,13)="Inlibra Paket","nein – Frontlist 2026",IF(K47<=0,"nein – Preis fehlt","ja")) -> ja | Q47: =IF(H47="","",INDEX(Klasse_Name,MATCH(H47,Klasse_ab,1))) -> 2013–2016 | R47: =IF(H47="",0,INDEX(Klasse_Rabatt,MATCH(H47,Klasse_ab,1))) -> 0.4 | S47: =IF(P47="ja",K47*(1-R47),0) -> 119.28 | U47: =IF(OR(T47="x",ISNUMBER(MATCH(SUBSTITUTE(A47,"-",""),Kundenbestand!$C$5:$C$3004,0)),ISNUMBER(MATCH(SUBSTITUTE(B47,"-",""),Kundenbestand!$C$5:$C$3004,0))),"x","") | V47: =IF(U47="x",S47,0) -> 0
... A49: 978-3-518-73658-6 | B49: 978-3-518-29697-4 | C49: Suhrkamp Verlag | D49: Angermuller/Nonhoff/Reisigl/Wrana/Ziem | E49: DiskursNetz | F49: Wörterbuch der interdisziplinären Diskursforschung | G49: 41834 | H49: =IF(ISNUMBER(G49),YEAR(G49),"") -> 2014 | I49: 154.01 | J49: 1.42 | K49: =IF(AND(ISNUMBER(I49),ISNUMBER(J49)),I49*J49,0) -> 218.6942 | L49: Paket SoWi Classics | M49: ja | N49: GB | O49: Soziologie, Gesellschaft & Wirtschaft | P49: =IF(LEFT(L49,13)="Inlibra Paket","nein – Frontlist 2026",IF(K49<=0,"nein – Preis fehlt","ja")) -> ja | Q49: =IF(H49="","",INDEX(Klasse_Name,MATCH(H49,Klasse_ab,1))) -> 2013–2016 | R49: =IF(H49="",0,INDEX(Klasse_Rabatt,MATCH(H49,Klasse_ab,1))) -> 0.4 | S49: =IF(P49="ja",K49*(1-R49),0) -> 131.21652 | U49: =IF(OR(T49="x",ISNUMBER(MATCH(SUBSTITUTE(A49,"-",""),Kundenbestand!$C$5:$C$3004,0)),ISNUMBER(MATCH(SUBSTITUTE(B49,"-",""),Kundenbestand!$C$5:$C$3004,0))),"x","") | V49: =IF(U49="x",S49,0) -> 0
A50: 978-3-518-73673-9 | B50: 978-3-518-29700-1 | C50: Suhrkamp Verlag | D50: Benoist | E50: Elemente einer realistischen Philosophie | G50: 41953 | H50: =IF(ISNUMBER(G50),YEAR(G50),"") -> 2014 | I50: 98 | J50: 1.42 | K50: =IF(AND(ISNUMBER(I50),ISNUMBER(J50)),I50*J50,0) -> 139.16 | L50: Paket SoWi Classics | M50: ja | N50: QDTK;QDHR5;QDHR | O50: Philosophie & Religion | P50: =IF(LEFT(L50,13)="Inlibra Paket","nein – Frontlist 2026",IF(K50<=0,"nein – Preis fehlt","ja")) -> ja | Q50: =IF(H50="","",INDEX(Klasse_Name,MATCH(H50,Klasse_ab,1))) -> 2013–2016 | R50: =IF(H50="",0,INDEX(Klasse_Rabatt,MATCH(H50,Klasse_ab,1))) -> 0.4 | S50: =IF(P50="ja",K50*(1-R50),0) -> 83.496 | U50: =IF(OR(T50="x",ISNUMBER(MATCH(SUBSTITUTE(A50,"-",""),Kundenbestand!$C$5:$C$3004,0)),ISNUMBER(MATCH(SUBSTITUTE(B50,"-",""),Kundenbestand!$C$5:$C$3004,0))),"x","") | V50: =IF(U50="x",S50,0) -> 0
A51: 978-3-518-73676-0 | B51: 978-3-518-58454-5 | C51: Suhrkamp Verlag | D51: Elias | E51: Gesammelte Schriften in 19 Bänden | F51: Band 15: Aufsätze und andere Schriften II | G51: 39048 | H51: =IF(ISNUMBER(G51),YEAR(G51),"") -> 2006 | I51: 336 | J51: 1.42 | K51: =IF(AND(ISNUMBER(I51),ISNUMBER(J51)),I51*J51,0) -> 477.12 | L51: Paket SoWi Classics | M51: ja | N51: JHB | O51: Werkausgaben & Editionen | P51: =IF(LEFT(L51,13)="Inlibra Paket","nein – Frontlist 2026",IF(K51<=0,"nein – Preis fehlt","ja")) -> ja | Q51: =IF(H51="","",INDEX(Klasse_Name,MATCH(H51,Klasse_ab,1))) -> bis 2012 | R51: =IF(H51="",0,INDEX(Klasse_Rabatt,MATCH(H51,Klasse_ab,1))) -> 0.5 | S51: =IF(P51="ja",K51*(1-R51),0) -> 238.56 | U51: =IF(OR(T51="x",ISNUMBER(MATCH(SUBSTITUTE(A51,"-",""),Kundenbestand!$C$5:$C$3004,0)),ISNUMBER(MATCH(SUBSTITUTE(B51,"-",""),Kundenbestand!$C$5:$C$3004,0))),"x","") | V51: =IF(U51="x",S51,0) -> 0
A52: 978-3-518-73678-4 | B52: 978-3-518-29703-2 | C52: Suhrkamp Verlag | D52: Buch/Weidner | E52: Blumenberg lesen | F52: Ein Glossar | G52: 41981 | H52: =IF(ISNUMBER(G52),YEAR(G52),"") -> 2014 | I52: 126 | J52: 1.42 | K52: =IF(AND(ISNUMBER(I52),ISNUMBER(J52)),I52*J52,0) -> 178.92 | L52: Paket SoWi Classics | M52: ja | N52: QDHR;3MP | O52: Philosophie & Religion | P52: =IF(LEFT(L52,13)="Inlibra Paket","nein – Frontlist 2026",IF(K52<=0,"nein – Preis fehlt","ja")) -> ja | Q52: =IF(H52="","",INDEX(Klasse_Name,MATCH(H52,Klasse_ab,1))) -> 2013–2016 | R52: =IF(H52="",0,INDEX(Klasse_Rabatt,MATCH(H52,Klasse_ab,1))) -> 0.4 | S52: =IF(P52="ja",K52*(1-R52),0) -> 107.352 | U52: =IF(OR(T52="x",ISNUMBER(MATCH(SUBSTITUTE(A52,"-",""),Kundenbestand!$C$5:$C$3004,0)),ISNUMBER(MATCH(SUBSTITUTE(B52,"-",""),Kundenbestand!$C$5:$C$3004,0))),"x","") | V52: =IF(U52="x",S52,0) -> 0
A53: 978-3-518-73688-3 | B53: 978-3-518-29708-7 | C53: Suhrkamp Verlag | D53: Heinz | E53: Der Begriff der psychischen Krankheit | G53: 41932 | H53: =IF(ISNUMBER(G53),YEAR(G53),"") -> 2014 | I53: 126 | J53: 1.42 | K53: =IF(AND(ISNUMBER(I53),ISNUMBER(J53)),I53*J53,0) -> 178.92 | L53: Paket SoWi Classics | M53: ja | N53: MKM;QDT;MKL | O53: Soziologie, Gesellschaft & Wirtschaft | P53: =IF(LEFT(L53,13)="Inlibra Paket","nein – Frontlist 2026",IF(K53<=0,"nein – Preis fehlt","ja")) -> ja | Q53: =IF(H53="","",INDEX(Klasse_Name,MATCH(H53,Klasse_ab,1))) -> 2013–2016 | R53: =IF(H53="",0,INDEX(Klasse_Rabatt,MATCH(H53,Klasse_ab,1))) -> 0.4 | S53: =IF(P53="ja",K53*(1-R53),0) -> 107.352 | U53: =IF(OR(T53="x",ISNUMBER(MATCH(SUBSTITUTE(A53,"-",""),Kundenbestand!$C$5:$C$3004,0)),ISNUMBER(MATCH(SUBSTITUTE(B53,"-",""),Kundenbestand!$C$5:$C$3004,0))),"x","") | V53: =IF(U53="x",S53,0) -> 0
A54: 978-3-518-73696-8 | B54: 978-3-518-58455-2 | C54: Suhrkamp Verlag | D54: Elias | E54: Gesammelte Schriften in 19 Bänden | F54: Band 16: Aufsätze und andere Schriften III | G54: 39048 | H54: =IF(ISNUMBER(G54),YEAR(G54),"") -> 2006 | I54: 336 | J54: 1.42 | K54: =IF(AND(ISNUMBER(I54),ISNUMBER(J54)),I54*J54,0) -> 477.12 | L54: Paket SoWi Classics | M54: ja | N54: JHB;GB | O54: Werkausgaben & Editionen | P54: =IF(LEFT(L54,13)="Inlibra Paket","nein – Frontlist 2026",IF(K54<=0,"nein – Preis fehlt","ja")) -> ja | Q54: =IF(H54="","",INDEX(Klasse_Name,MATCH(H54,Klasse_ab,1))) -> bis 2012 | R54: =IF(H54="",0,INDEX(Klasse_Rabatt,MATCH(H54,Klasse_ab,1))) -> 0.5 | S54: =IF(P54="ja",K54*(1-R54),0) -> 238.56 | U54: =IF(OR(T54="x",ISNUMBER(MATCH(SUBSTITUTE(A54,"-",""),Kundenbestand!$C$5:$C$3004,0)),ISNUMBER(MATCH(SUBSTITUTE(B54,"-",""),Kundenbestand!$C$5:$C$3004,0))),"x","") | V54: =IF(U54="x",S54,0) -> 0
A55: 978-3-518-73704-0 | B55: 978-3-518-58422-4 | C55: Suhrkamp Verlag | D55: Elias | E55: Gesammelte Schriften in 19 Bänden | F55: Band 17: Autobiographisches und Interviews | G55: 38467 | H55: =IF(ISNUMBER(G55),YEAR(G55),"") -> 2005 | I55: 224 | J55: 1.42 | K55: =IF(AND(ISNUMBER(I55),ISNUMBER(J55)),I55*J55,0) -> 318.08 | L55: Paket SoWi Classics | M55: ja | N55: QDHR;NHTB;JHBA;JHB | O55: Werkausgaben & Editionen | P55: =IF(LEFT(L55,13)="Inlibra Paket","nein – Frontlist 2026",IF(K55<=0,"nein – Preis fehlt","ja")) -> ja | Q55: =IF(H55="","",INDEX(Klasse_Name,MATCH(H55,Klasse_ab,1))) -> bis 2012 | R55: =IF(H55="",0,INDEX(Klasse_Rabatt,MATCH(H55,Klasse_ab,1))) -> 0.5 | S55: =IF(P55="ja",K55*(1-R55),0) -> 159.04 | U55: =IF(OR(T55="x",ISNUMBER(MATCH(SUBSTITUTE(A55,"-",""),Kundenbestand!$C$5:$C$3004,0)),ISNUMBER(MATCH(SUBSTITUTE(B55,"-",""),Kundenbestand!$C$5:$C$3004,0))),"x","") | V55: =IF(U55="x",S55,0) -> 0
A56: 978-3-518-73706-4 | B56: 978-3-518-58386-9 | C56: Suhrkamp Verlag | D56: Elias/Blomert/Hammer/Heilbron/Treibel/Wilterdink | E56: Gesammelte Schriften in 19 Bänden | F56: Band 18: Gedichte und Sprüche | G56: 38103 | H56: =IF(ISNUMBER(G56),YEAR(G56),"") -> 2004 | I56: 195.3 | J56: 1.42 | K56: =IF(AND(ISNUMBER(I56),ISNUMBER(J56)),I56*J56,0) -> 277.326 | L56: Paket SoWi Classics | M56: ja | N56: DSB;JHB;2ACG;3MP | O56: Werkausgaben & Editionen | P56: =IF(LEFT(L56,13)="Inlibra Paket","nein – Frontlist 2026",IF(K56<=0,"nein – Preis fehlt","ja")) -> ja | Q56: =IF(H56="","",INDEX(Klasse_Name,MATCH(H56,Klasse_ab,1))) -> bis 2012 | R56: =IF(H56="",0,INDEX(Klasse_Rabatt,MATCH(H56,Klasse_ab,1))) -> 0.5 | S56: =IF(P56="ja",K56*(1-R56),0) -> 138.663 | U56: =IF(OR(T56="x",ISNUMBER(MATCH(SUBSTITUTE(A56,"-",""),Kundenbestand!$C$5:$C$3004,0)),ISNUMBER(MATCH(SUBSTITUTE(B56,"-",""),Kundenbestand!$C$5:$C$3004,0))),"x","") | V56: =IF(U56="x",S56,0) -> 0
A57: 978-3-518-73716-3 | B57: 978-3-518-58525-2 | C57: Suhrkamp Verlag | D57: Elias | E57: Gesammelte Schriften in 19 Bänden | F57: Band 19: Gesamtregister | G57: 40468 | H57: =IF(ISNUMBER(G57),YEAR(G57),"") -> 2010 | I57: 336 | J57: 1.42 | K57: =IF(AND(ISNUMBER(I57),ISNUMBER(J57)),I57*J57,0) -> 477.12 | L57: Paket SoWi Classics | M57: ja | N57: JHB;GB | O57: Werkausgaben & Editionen | P57: =IF(LEFT(L57,13)="Inlibra Paket","nein – Frontlist 2026",IF(K57<=0,"nein – Preis fehlt","ja")) -> ja | Q57: =IF(H57="","",INDEX(Klasse_Name,MATCH(H57,Klasse_ab,1))) -> bis 2012 | R57: =IF(H57="",0,INDEX(Klasse_Rabatt,MATCH(H57,Klasse_ab,1))) -> 0.5 | S57: =IF(P57="ja",K57*(1-R57),0) -> 238.56 | U57: =IF(OR(T57="x",ISNUMBER(MATCH(SUBSTITUTE(A57,"-",""),Kundenbestand!$C$5:$C$3004,0)),ISNUMBER(MATCH(SUBSTITUTE(B57,"-",""),Kundenbestand!$C$5:$C$3004,0))),"x","") | V57: =IF(U57="x",S57,0) -> 0
A58: 978-3-518-73738-5 | B58: 978-3-518-58607-5 | C58: Suhrkamp Verlag | D58: Latour | E58: Existenzweisen | F58: Eine Anthropologie der Modernen | G58: 41869 | H58: =IF(ISNUMBER(G58),YEAR(G58),"") -> 2014 | I58: 336 | J58: 1.42 | K58: =IF(AND(ISNUMBER(I58),ISNUMBER(J58)),I58*J58,0) -> 477.12 | L58: Paket SoWi Classics | M58: ja | N58: JHBA;1DDF | O58: Soziologie, Gesellschaft & Wirtschaft | P58: =IF(LEFT(L58,13)="Inlibra Paket","nein – Frontlist 2026",IF(K58<=0,"nein – Preis fehlt","ja")) -> ja | Q58: =IF(H58="","",INDEX(Klasse_Name,MATCH(H58,Klasse_ab,1))) -> 2013–2016 | R58: =IF(H58="",0,INDEX(Klasse_Rabatt,MATCH(H58,Klasse_ab,1))) -> 0.4 | S58: =IF(P58="ja",K58*(1-R58),0) -> 286.272 | U58: =IF(OR(T58="x",ISNUMBER(MATCH(SUBSTITUTE(A58,"-",""),Kundenbestand!$C$5:$C$3004,0)),ISNUMBER(MATCH(SUBSTITUTE(B58,"-",""),Kundenbestand!$C$5:$C$3004,0))),"x","") | V58: =IF(U58="x",S58,0) -> 0
A59: 978-3-518-73757-6 | B59: 978-3-518-58246-6 | C59: Suhrkamp Verlag | D59: Elias/Hammer/Heilbron/Merz-Benz/Treibel/Wilterdink | E59: Gesammelte Schriften in 19 Bänden | F59: Band 3.2: Über den Prozeß der Zivilisation. Soziogenetische und psychogenetische Untersuchungen | G59: 35605 | H59: =IF(ISNUMBER(G59),YEAR(G59),"") -> 1997 | I59: 201.6 | J59: 1.42 | K59: =IF(AND(ISNUMBER(I59),ISNUMBER(J59)),I59*J59,0) -> 286.272 | L59: Paket SoWi Classics | M59: ja | N59: JHBA;JHB;JBF | O59: Werkausgaben & Editionen | P59: =IF(LEFT(L59,13)="Inlibra Paket","nein – Frontlist 2026",IF(K59<=0,"nein – Preis fehlt","ja")) -> ja | Q59: =IF(H59="","",INDEX(Klasse_Name,MATCH(H59,Klasse_ab,1))) -> bis 2012 | R59: =IF(H59="",0,INDEX(Klasse_Rabatt,MATCH(H59,Klasse_ab,1))) -> 0.5 | S59: =IF(P59="ja",K59*(1-R59),0) -> 143.136 | U59: =IF(OR(T59="x",ISNUMBER(MATCH(SUBSTITUTE(A59,"-",""),Kundenbestand!$C$5:$C$3004,0)),ISNUMBER(MATCH(SUBSTITUTE(B59,"-",""),Kundenbestand!$C$5:$C$3004,0))),"x","") | V59: =IF(U59="x",S59,0) -> 0
A60: 978-3-518-73818-4 | B60: 978-3-518-29731-5 | C60: Suhrkamp Verlag | D60: Willke | E60: Demokratie in Zeiten der Konfusion | G60: 41953 | H60: =IF(ISNUMBER(G60),YEAR(G60),"") -> 2014 | I60: 98 | J60: 1.42 | K60: =IF(AND(ISNUMBER(I60),ISNUMBER(J60)),I60*J60,0) -> 139.16 | L60: Paket SoWi Classics | M60: ja | N60: JPHV;JPA | O60: Politik, Recht & Geschichte | P60: =IF(LEFT(L60,13)="Inlibra Paket","nein – Frontlist 2026",IF(K60<=0,"nein – Preis fehlt","ja")) -> ja | Q60: =IF(H60="","",INDEX(Klasse_Name,MATCH(H60,Klasse_ab,1))) -> 2013–2016 | R60: =IF(H60="",0,INDEX(Klasse_Rabatt,MATCH(H60,Klasse_ab,1))) -> 0.4 | S60: =IF(P60="ja",K60*(1-R60),0) -> 83.496 | U60: =IF(OR(T60="x",ISNUMBER(MATCH(SUBSTITUTE(A60,"-",""),Kundenbestand!$C$5:$C$3004,0)),ISNUMBER(MATCH(SUBSTITUTE(B60,"-",""),Kundenbestand!$C$5:$C$3004,0))),"x","") | V60: =IF(U60="x",S60,0) -> 0
A61: 978-3-518-73829-0 | B61: 978-3-518-12684-4 | C61: Suhrkamp Verlag | D61: Mau/Schöneck | E61: (Un-)gerechte (Un-)Gleichheiten | G61: 42043 | H61: =IF(ISNUMBER(G61),YEAR(G61),"") -> 2015 | I61: 126 | J61: 1.42 | K61: =IF(AND(ISNUMBER(I61),ISNUMBER(J61)),I61*J61,0) -> 178.92 | L61: Paket SoWi Classics | M61: ja | N61: JBFA;QDHR;NHD;JPHL;JMAF;DSK;DNL;DNBH;3MPBF;3MPBA;3MNQ | O61: Soziologie, Gesellschaft & Wirtschaft | P61: =IF(LEFT(L61,13)="Inlibra Paket","nein – Frontlist 2026",IF(K61<=0,"nein – Preis fehlt","ja")) -> ja | Q61: =IF(H61="","",INDEX(Klasse_Name,MATCH(H61,Klasse_ab,1))) -> 2013–2016 | R61: =IF(H61="",0,INDEX(Klasse_Rabatt,MATCH(H61,Klasse_ab,1))) -> 0.4 | S61: =IF(P61="ja",K61*(1-R61),0) -> 107.352 | U61: =IF(OR(T61="x",ISNUMBER(MATCH(SUBSTITUTE(A61,"-",""),Kundenbestand!$C$5:$C$3004,0)),ISNUMBER(MATCH(SUBSTITUTE(B61,"-",""),Kundenbestand!$C$5:$C$3004,0))),"x","") | V61: =IF(U61="x",S61,0) -> 0
A62: 978-3-518-73834-4 | B62: 978-3-518-42459-9 | C62: Suhrkamp Verlag | D62: Moretti | E62: Der Bourgeois | F62: Eine Schlüsselfigur der Moderne | G62: 41918 | H62: =IF(ISNUMBER(G62),YEAR(G62),"") -> 2014 | I62: 224 | J62: 1.42 | K62: =IF(AND(ISNUMBER(I62),ISNUMBER(J62)),I62*J62,0) -> 318.08 | L62: Paket SoWi Classics | M62: ja | N62: JBCC;DS;AGA | O62: Kultur, Literatur & Medien | P62: =IF(LEFT(L62,13)="Inlibra Paket","nein – Frontlist 2026",IF(K62<=0,"nein – Preis fehlt","ja")) -> ja | Q62: =IF(H62="","",INDEX(Klasse_Name,MATCH(H62,Klasse_ab,1))) -> 2013–2016 | R62: =IF(H62="",0,INDEX(Klasse_Rabatt,MATCH(H62,Klasse_ab,1))) -> 0.4 | S62: =IF(P62="ja",K62*(1-R62),0) -> 190.848 | U62: =IF(OR(T62="x",ISNUMBER(MATCH(SUBSTITUTE(A62,"-",""),Kundenbestand!$C$5:$C$3004,0)),ISNUMBER(MATCH(SUBSTITUTE(B62,"-",""),Kundenbestand!$C$5:$C$3004,0))),"x","") | V62: =IF(U62="x",S62,0) -> 0
A63: 978-3-518-73851-1 | B63: 978-3-518-29717-9 | C63: Suhrkamp Verlag | D63: Müller/Schmieder | E63: Begriffsgeschichte und historische Semantik | F63: Ein kritisches Kompendium | G63: 42562 | H63: =IF(ISNUMBER(G63),YEAR(G63),"") -> 2016 | I63: 210 | J63: 1.42 | K63: =IF(AND(ISNUMBER(I63),ISNUMBER(J63)),I63*J63,0) -> 298.2 | L63: Paket SoWi Classics | M63: ja | N63: NHA;NH | O63: Politik, Recht & Geschichte | P63: =IF(LEFT(L63,13)="Inlibra Paket","nein – Frontlist 2026",IF(K63<=0,"nein – Preis fehlt","ja")) -> ja | Q63: =IF(H63="","",INDEX(Klasse_Name,MATCH(H63,Klasse_ab,1))) -> 2013–2016 | R63: =IF(H63="",0,INDEX(Klasse_Rabatt,MATCH(H63,Klasse_ab,1))) -> 0.4 | S63: =IF(P63="ja",K63*(1-R63),0) -> 178.92 | U63: =IF(OR(T63="x",ISNUMBER(MATCH(SUBSTITUTE(A63,"-",""),Kundenbestand!$C$5:$C$3004,0)),ISNUMBER(MATCH(SUBSTITUTE(B63,"-",""),Kundenbestand!$C$5:$C$3004,0))),"x","") | V63: =IF(U63="x",S63,0) -> 0
A64: 978-3-518-73861-0 | B64: 978-3-518-58615-0 | C64: Suhrkamp Verlag | D64: Tomasello | E64: Eine Naturgeschichte des menschlichen Denkens | G64: 41918 | H64: =IF(ISNUMBER(G64),YEAR(G64),"") -> 2014 | I64: 224 | J64: 1.42 | K64: =IF(AND(ISNUMBER(I64),ISNUMBER(J64)),I64*J64,0) -> 318.08 | L64: Paket SoWi Classics | M64: ja | N64: JMR;QDT | O64: Soziologie, Gesellschaft & Wirtschaft | P64: =IF(LEFT(L64,13)="Inlibra Paket","nein – Frontlist 2026",IF(K64<=0,"nein – Preis fehlt","ja")) -> ja | Q64: =IF(H64="","",INDEX(Klasse_Name,MATCH(H64,Klasse_ab,1))) -> 2013–2016 | R64: =IF(H64="",0,INDEX(Klasse_Rabatt,MATCH(H64,Klasse_ab,1))) -> 0.4 | S64: =IF(P64="ja",K64*(1-R64),0) -> 190.848 | U64: =IF(OR(T64="x",ISNUMBER(MATCH(SUBSTITUTE(A64,"-",""),Kundenbestand!$C$5:$C$3004,0)),ISNUMBER(MATCH(SUBSTITUTE(B64,"-",""),Kundenbestand!$C$5:$C$3004,0))),"x","") | V64: =IF(U64="x",S64,0) -> 0
A65: 978-3-518-73879-5 | B65: 978-3-518-29730-8 | C65: Suhrkamp Verlag | D65: Kühl | E65: Ganz normale Organisationen | F65: Zur Soziologie des Holocaust | G65: 41897 | H65: =IF(ISNUMBER(G65),YEAR(G65),"") -> 2014 | I65: 154.01 | J65: 1.42 | K65: =IF(AND(ISNUMBER(I65),ISNUMBER(J65)),I65*J65,0) -> 218.6942 | L65: Paket SoWi Classics | M65: ja | N65: JBFK;QRJ;NHTZ1;NHTZ;JWXK;JBF;1DFG;3MPBGJ-DE-H | O65: Soziologie, Gesellschaft & Wirtschaft | P65: =IF(LEFT(L65,13)="Inlibra Paket","nein – Frontlist 2026",IF(K65<=0,"nein – Preis fehlt","ja")) -> ja | Q65: =IF(H65="","",INDEX(Klasse_Name,MATCH(H65,Klasse_ab,1))) -> 2013–2016 | R65: =IF(H65="",0,INDEX(Klasse_Rabatt,MATCH(H65,Klasse_ab,1))) -> 0.4 | S65: =IF(P65="ja",K65*(1-R65),0) -> 131.21652 | U65: =IF(OR(T65="x",ISNUMBER(MATCH(SUBSTITUTE(A65,"-",""),Kundenbestand!$C$5:$C$3004,0)),ISNUMBER(MATCH(SUBSTITUTE(B65,"-",""),Kundenbestand!$C$5:$C$3004,0))),"x","") | V65: =IF(U65="x",S65,0) -> 0
A66: 978-3-518-73953-2 | B66: 978-3-518-29701-8 | C66: Suhrkamp Verlag | D66: Anscombe/Nieswandt/Hlobil | E66: Aufsätze | G66: 41932 | H66: =IF(ISNUMBER(G66),YEAR(G66),"") -> 2014 | I66: 126 | J66: 1.42 | K66: =IF(AND(ISNUMBER(I66),ISNUMBER(J66)),I66*J66,0) -> 178.92 | L66: Paket SoWi Classics | M66: ja | N66: QDHR;QDT;3MP | O66: Philosophie & Religion | P66: =IF(LEFT(L66,13)="Inlibra Paket","nein – Frontlist 2026",IF(K66<=0,"nein – Preis fehlt","ja")) -> ja | Q66: =IF(H66="","",INDEX(Klasse_Name,MATCH(H66,Klasse_ab,1))) -> 2013–2016 | R66: =IF(H66="",0,INDEX(Klasse_Rabatt,MATCH(H66,Klasse_ab,1))) -> 0.4 | S66: =IF(P66="ja",K66*(1-R66),0) -> 107.352 | U66: =IF(OR(T66="x",ISNUMBER(MATCH(SUBSTITUTE(A66,"-",""),Kundenbestand!$C$5:$C$3004,0)),ISNUMBER(MATCH(SUBSTITUTE(B66,"-",""),Kundenbestand!$C$5:$C$3004,0))),"x","") | V66: =IF(U66="x",S66,0) -> 0
A67: 978-3-518-73958-7 | B67: 978-3-518-29691-2 | C67: Suhrkamp Verlag | D67: Blumenberg/Sommer | E67: Beschreibung des Menschen | G67: 41869 | H67: =IF(ISNUMBER(G67),YEAR(G67),"") -> 2014 | I67: 224 | J67: 1.42 | K67: =IF(AND(ISNUMBER(I67),ISNUMBER(J67)),I67*J67,0) -> 318.08 | L67: Paket SoWi Classics | M67: ja | N67: QDT;QDHR;3MP | O67: Philosophie & Religion | P67: =IF(LEFT(L67,13)="Inlibra Paket","nein – Frontlist 2026",IF(K67<=0,"nein – Preis fehlt","ja")) -> ja | Q67: =IF(H67="","",INDEX(Klasse_Name,MATCH(H67,Klasse_ab,1))) -> 2013–2016 | R67: =IF(H67="",0,INDEX(Klasse_Rabatt,MATCH(H67,Klasse_ab,1))) -> 0.4 | S67: =IF(P67="ja",K67*(1-R67),0) -> 190.848 | U67: =IF(OR(T67="x",ISNUMBER(MATCH(SUBSTITUTE(A67,"-",""),Kundenbestand!$C$5:$C$3004,0)),ISNUMBER(MATCH(SUBSTITUTE(B67,"-",""),Kundenbestand!$C$5:$C$3004,0))),"x","") | V67: =IF(U67="x",S67,0) -> 0
A68: 978-3-518-73999-0 | B68: 978-3-518-29747-6 | C68: Suhrkamp Verlag | D68: Benne | E68: Die Erfindung des Manuskripts | F68: Zu Theorie und Geschichte literarischer Gegenständlichkeit | G68: 42100 | H68: =IF(ISNUMBER(G68),YEAR(G68),"") -> 2015 | I68: 196 | J68: 1.42 | K68: =IF(AND(ISNUMBER(I68),ISNUMBER(J68)),I68*J68,0) -> 278.32 | L68: Paket SoWi Classics | M68: ja | N68: DSB;DSA;DS;C | O68: Kultur, Literatur & Medien | P68: =IF(LEFT(L68,13)="Inlibra Paket","nein – Frontlist 2026",IF(K68<=0,"nein – Preis fehlt","ja")) -> ja | Q68: =IF(H68="","",INDEX(Klasse_Name,MATCH(H68,Klasse_ab,1))) -> 2013–2016 | R68: =IF(H68="",0,INDEX(Klasse_Rabatt,MATCH(H68,Klasse_ab,1))) -> 0.4 | S68: =IF(P68="ja",K68*(1-R68),0) -> 166.992 | U68: =IF(OR(T68="x",ISNUMBER(MATCH(SUBSTITUTE(A68,"-",""),Kundenbestand!$C$5:$C$3004,0)),ISNUMBER(MATCH(SUBSTITUTE(B68,"-",""),Kundenbestand!$C$5:$C$3004,0))),"x","") | V68: =IF(U68="x",S68,0) -> 0
A69: 978-3-518-74019-4 | B69: 978-3-518-58618-1 | C69: Suhrkamp Verlag | D69: Bohrer | E69: Das Erscheinen des Dionysos | F69: Antike Mythologie und moderne Metapher | G69: 42283 | H69: =IF(ISNUMBER(G69),YEAR(G69),"") -> 2015 | I69: 294 | J69: 1.42 | K69: =IF(AND(ISNUMBER(I69),ISNUMBER(J69)),I69*J69,0) -> 417.48 | L69: Paket SoWi Classics | M69: ja | N69: CFF;QDHR;QDHA;QDH;DSBB;DSA;DS;DBSG;CFA;1DXG;1DFG | O69: Kultur, Literatur & Medien | P69: =IF(LEFT(L69,13)="Inlibra Paket","nein – Frontlist 2026",IF(K69<=0,"nein – Preis fehlt","ja")) -> ja | Q69: =IF(H69="","",INDEX(Klasse_Name,MATCH(H69,Klasse_ab,1))) -> 2013–2016 | R69: =IF(H69="",0,INDEX(Klasse_Rabatt,MATCH(H69,Klasse_ab,1))) -> 0.4 | S69: =IF(P69="ja",K69*(1-R69),0) -> 250.488 | U69: =IF(OR(T69="x",ISNUMBER(MATCH(SUBSTITUTE(A69,"-",""),Kundenbestand!$C$5:$C$3004,0)),ISNUMBER(MATCH(SUBSTITUTE(B69,"-",""),Kundenbestand!$C$5:$C$3004,0))),"x","") | V69: =IF(U69="x",S69,0) -> 0
A70: 978-3-518-74049-1 | B70: 978-3-518-29736-0 | C70: Suhrkamp Verlag | D70: Hühn/Steiner/Urbich | E70: Benjamins Wahlverwandtschaften | F70: Zur Kritik einer programmatischen Interpretation | G70: 42162 | H70: =IF(ISNUMBER(G70),YEAR(G70),"") -> 2015 | I70: 140 | J70: 1.42 | K70: =IF(AND(ISNUMBER(I70),ISNUMBER(J70)),I70*J70,0) -> 198.8 | L70: Paket SoWi Classics | M70: ja | N70: D;QDHR;DSA;DS;DB;CFF;CF;3MP | O70: Kultur, Literatur & Medien | P70: =IF(LEFT(L70,13)="Inlibra Paket","nein – Frontlist 2026",IF(K70<=0,"nein – Preis fehlt","ja")) -> ja | Q70: =IF(H70="","",INDEX(Klasse_Name,MATCH(H70,Klasse_ab,1))) -> 2013–2016 | R70: =IF(H70="",0,INDEX(Klasse_Rabatt,MATCH(H70,Klasse_ab,1))) -> 0.4 | S70: =IF(P70="ja",K70*(1-R70),0) -> 119.28 | U70: =IF(OR(T70="x",ISNUMBER(MATCH(SUBSTITUTE(A70,"-",""),Kundenbestand!$C$5:$C$3004,0)),ISNUMBER(MATCH(SUBSTITUTE(B70,"-",""),Kundenbestand!$C$5:$C$3004,0))),"x","") | V70: =IF(U70="x",S70,0) -> 0
A71: 978-3-518-74058-3 | B71: 978-3-518-58619-8 | C71: Suhrkamp Verlag | D71: Knell | E71: Die Eroberung der Zeit | F71: Grundzüge einer Philosophie verlängerter Lebensspannen | G71: 42100 | H71: =IF(ISNUMBER(G71),YEAR(G71),"") -> 2015 | I71: 406 | J71: 1.42 | K71: =IF(AND(ISNUMBER(I71),ISNUMBER(J71)),I71*J71,0) -> 576.52 | L71: Paket SoWi Classics | M71: ja | N71: QDTQ;QDTS;QDTJ;GT | O71: Philosophie & Religion | P71: =IF(LEFT(L71,13)="Inlibra Paket","nein – Frontlist 2026",IF(K71<=0,"nein – Preis fehlt","ja")) -> ja | Q71: =IF(H71="","",INDEX(Klasse_Name,MATCH(H71,Klasse_ab,1))) -> 2013–2016 | R71: =IF(H71="",0,INDEX(Klasse_Rabatt,MATCH(H71,Klasse_ab,1))) -> 0.4 | S71: =IF(P71="ja",K71*(1-R71),0) -> 345.912 | U71: =IF(OR(T71="x",ISNUMBER(MATCH(SUBSTITUTE(A71,"-",""),Kundenbestand!$C$5:$C$3004,0)),ISNUMBER(MATCH(SUBSTITUTE(B71,"-",""),Kundenbestand!$C$5:$C$3004,0))),"x","") | V71: =IF(U71="x",S71,0) -> 0
A72: 978-3-518-74063-7 | B72: 978-3-518-42481-0 | C72: Suhrkamp Verlag | D72: Kolbert | E72: Das sechste Sterben | F72: Wie der Mensch Naturgeschichte schreibt | G72: 42100 | H72: =IF(ISNUMBER(G72),YEAR(G72),"") -> 2015 | I72: 174.65 | J72: 1.42 | K72: =IF(AND(ISNUMBER(I72),ISNUMBER(J72)),I72*J72,0) -> 248.003 | L72: Paket SoWi Classics | M72: ja | N72: RNKH1;WN;RNPG;RNB;RN;RBX;RBP;PSV;PSAJ;PSAF;PDX;JBFU;DNP;DNG;1MBF;1KLCP;1KBB;1DST;1DNC;1DDU-GB-S;3M | O72: Soziologie, Gesellschaft & Wirtschaft | P72: =IF(LEFT(L72,13)="Inlibra Paket","nein – Frontlist 2026",IF(K72<=0,"nein – Preis fehlt","ja")) -> ja | Q72: =IF(H72="","",INDEX(Klasse_Name,MATCH(H72,Klasse_ab,1))) -> 2013–2016 | R72: =IF(H72="",0,INDEX(Klasse_Rabatt,MATCH(H72,Klasse_ab,1))) -> 0.4 | S72: =IF(P72="ja",K72*(1-R72),0) -> 148.8018 | U72: =IF(OR(T72="x",ISNUMBER(MATCH(SUBSTITUTE(A72,"-",""),Kundenbestand!$C$5:$C$3004,0)),ISNUMBER(MATCH(SUBSTITUTE(B72,"-",""),Kundenbestand!$C$5:$C$3004,0))),"x","") | V72: =IF(U72="x",S72,0) -> 0
A73: 978-3-518-74080-4 | B73: 978-3-518-29748-3 | C73: Suhrkamp Verlag | D73: McDowell | E73: Die Welt im Blick | F73: Aufsätze zu Kant,Hegel und Sellars | G73: 42253 | H73: =IF(ISNUMBER(G73),YEAR(G73),"") -> 2015 | I73: 140 | J73: 1.42 | K73: =IF(AND(ISNUMBER(I73),ISNUMBER(J73)),I73*J73,0) -> 198.8 | L73: Paket SoWi Classics | M73: ja | N73: QD;QDTM;QDTK;QDTJ;QDHR1;QDHR;QDHM;QDH;1DFG;3MP;3MN;3ML | O73: Philosophie & Religion | P73: =IF(LEFT(L73,13)="Inlibra Paket","nein – Frontlist 2026",IF(K73<=0,"nein – Preis fehlt","ja")) -> ja | Q73: =IF(H73="","",INDEX(Klasse_Name,MATCH(H73,Klasse_ab,1))) -> 2013–2016 | R73: =IF(H73="",0,INDEX(Klasse_Rabatt,MATCH(H73,Klasse_ab,1))) -> 0.4 | S73: =IF(P73="ja",K73*(1-R73),0) -> 119.28 | U73: =IF(OR(T73="x",ISNUMBER(MATCH(SUBSTITUTE(A73,"-",""),Kundenbestand!$C$5:$C$3004,0)),ISNUMBER(MATCH(SUBSTITUTE(B73,"-",""),Kundenbestand!$C$5:$C$3004,0))),"x","") | V73: =IF(U73="x",S73,0) -> 0
A74: 978-3-518-74084-2 | B74: 978-3-518-12692-9 | C74: Suhrkamp Verlag | D74: Meyer | E74: Die Unbelangbaren | F74: Wie politische Journalisten mitregieren | G74: 42100 | H74: =IF(ISNUMBER(G74),YEAR(G74),"") -> 2015 | I74: 105 | J74: 1.42 | K74: =IF(AND(ISNUMBER(I74),ISNUMBER(J74)),I74*J74,0) -> 149.1 | L74: Paket SoWi Classics | M74: ja | N74: JB;KNT;JPWC;JPWA;JPV;JPH;JP;JBCT;JBC;DN;1DFG;3MR | O74: Soziologie, Gesellschaft & Wirtschaft | P74: =IF(LEFT(L74,13)="Inlibra Paket","nein – Frontlist 2026",IF(K74<=0,"nein – Preis fehlt","ja")) -> ja | Q74: =IF(H74="","",INDEX(Klasse_Name,MATCH(H74,Klasse_ab,1))) -> 2013–2016 | R74: =IF(H74="",0,INDEX(Klasse_Rabatt,MATCH(H74,Klasse_ab,1))) -> 0.4 | S74: =IF(P74="ja",K74*(1-R74),0) -> 89.46 | U74: =IF(OR(T74="x",ISNUMBER(MATCH(SUBSTITUTE(A74,"-",""),Kundenbestand!$C$5:$C$3004,0)),ISNUMBER(MATCH(SUBSTITUTE(B74,"-",""),Kundenbestand!$C$5:$C$3004,0))),"x","") | V74: =IF(U74="x",S74,0) -> 0
A75: 978-3-518-74093-4 | B75: 978-3-518-12691-2 | C75: Suhrkamp Verlag | D75: Offe | E75: Europa in der Falle | G75: 42498 | H75: =IF(ISNUMBER(G75),YEAR(G75),"") -> 2016 | I75: 112 | J75: 1.42 | K75: =IF(AND(ISNUMBER(I75),ISNUMBER(J75)),I75*J75,0) -> 159.04 | L75: Paket SoWi Classics | M75: ja | N75: JPA;JPSN;JPH;JPB;1D;3MR;1QFE | O75: Politik, Recht & Geschichte | P75: =IF(LEFT(L75,13)="Inlibra Paket","nein – Frontlist 2026",IF(K75<=0,"nein – Preis fehlt","ja")) -> ja | Q75: =IF(H75="","",INDEX(Klasse_Name,MATCH(H75,Klasse_ab,1))) -> 2013–2016 | R75: =IF(H75="",0,INDEX(Klasse_Rabatt,MATCH(H75,Klasse_ab,1))) -> 0.4 | S75: =IF(P75="ja",K75*(1-R75),0) -> 95.424 | U75: =IF(OR(T75="x",ISNUMBER(MATCH(SUBSTITUTE(A75,"-",""),Kundenbestand!$C$5:$C$3004,0)),ISNUMBER(MATCH(SUBSTITUTE(B75,"-",""),Kundenbestand!$C$5:$C$3004,0))),"x","") | V75: =IF(U75="x",S75,0) -> 0
A76: 978-3-518-74099-6 | B76: 978-3-518-58622-8 | C76: Suhrkamp Verlag | D76: Pettit | E76: Gerechte Freiheit | F76: Ein moralischer Kompass für eine komplexe Welt | G76: 42133 | H76: =IF(ISNUMBER(G76),YEAR(G76),"") -> 2015 | I76: 209.65 | J76: 1.42 | K76: =IF(AND(ISNUMBER(I76),ISNUMBER(J76)),I76*J76,0) -> 297.703 | L76: Paket SoWi Classics | M76: ja | N76: QDTQ;QDTS;QDHR | O76: Philosophie & Religion | P76: =IF(LEFT(L76,13)="Inlibra Paket","nein – Frontlist 2026",IF(K76<=0,"nein – Preis fehlt","ja")) -> ja | Q76: =IF(H76="","",INDEX(Klasse_Name,MATCH(H76,Klasse_ab,1))) -> 2013–2016 | R76: =IF(H76="",0,INDEX(Klasse_Rabatt,MATCH(H76,Klasse_ab,1))) -> 0.4 | S76: =IF(P76="ja",K76*(1-R76),0) -> 178.6218 | U76: =IF(OR(T76="x",ISNUMBER(MATCH(SUBSTITUTE(A76,"-",""),Kundenbestand!$C$5:$C$3004,0)),ISNUMBER(MATCH(SUBSTITUTE(B76,"-",""),Kundenbestand!$C$5:$C$3004,0))),"x","") | V76: =IF(U76="x",S76,0) -> 0
A77: 978-3-518-74104-7 | B77: 978-3-518-12696-7 | C77: Suhrkamp Verlag | D77: Rauterberg | E77: Die Kunst und das gute Leben | F77: Über die Ethik der Ästhetik | G77: 42162 | H77: =IF(ISNUMBER(G77),YEAR(G77),"") -> 2015 | I77: 105 | J77: 1.42 | K77: =IF(AND(ISNUMBER(I77),ISNUMBER(J77)),I77*J77,0) -> 149.1 | L77: Paket SoWi Classics | M77: ja | N77: JB;QDTQ;QDTN;QDHR;JBFV;ABQ;ABA;AB;3MR;3MP | O77: Soziologie, Gesellschaft & Wirtschaft | P77: =IF(LEFT(L77,13)="Inlibra Paket","nein – Frontlist 2026",IF(K77<=0,"nein – Preis fehlt","ja")) -> ja | Q77: =IF(H77="","",INDEX(Klasse_Name,MATCH(H77,Klasse_ab,1))) -> 2013–2016 | R77: =IF(H77="",0,INDEX(Klasse_Rabatt,MATCH(H77,Klasse_ab,1))) -> 0.4 | S77: =IF(P77="ja",K77*(1-R77),0) -> 89.46 | U77: =IF(OR(T77="x",ISNUMBER(MATCH(SUBSTITUTE(A77,"-",""),Kundenbestand!$C$5:$C$3004,0)),ISNUMBER(MATCH(SUBSTITUTE(B77,"-",""),Kundenbestand!$C$5:$C$3004,0))),"x","") | V77: =IF(U77="x",S77,0) -> 0
A78: 978-3-518-74128-3 | B78: 978-3-518-29739-1 | C78: Suhrkamp Verlag | D78: Steets | E78: Der sinnhafte Aufbau der gebauten Welt | F78: Eine Architektursoziologie | G78: 42133 | H78: =IF(ISNUMBER(G78),YEAR(G78),"") -> 2015 | I78: 140 | J78: 1.42 | K78: =IF(AND(ISNUMBER(I78),ISNUMBER(J78)),I78*J78,0) -> 198.8 | L78: Paket SoWi Classics | M78: ja | N78: JHBA;JBCC2;AMA | O78: Soziologie, Gesellschaft & Wirtschaft | P78: =IF(LEFT(L78,13)="Inlibra Paket","nein – Frontlist 2026",IF(K78<=0,"nein – Preis fehlt","ja")) -> ja | Q78: =IF(H78="","",INDEX(Klasse_Name,MATCH(H78,Klasse_ab,1))) -> 2013–2016 | R78: =IF(H78="",0,INDEX(Klasse_Rabatt,MATCH(H78,Klasse_ab,1))) -> 0.4 | S78: =IF(P78="ja",K78*(1-R78),0) -> 119.28 | U78: =IF(OR(T78="x",ISNUMBER(MATCH(SUBSTITUTE(A78,"-",""),Kundenbestand!$C$5:$C$3004,0)),ISNUMBER(MATCH(SUBSTITUTE(B78,"-",""),Kundenbestand!$C$5:$C$3004,0))),"x","") | V78: =IF(U78="x",S78,0) -> 0
A79: 978-3-518-74189-4 | B79: 978-3-518-58681-5 | C79: Suhrkamp Verlag | D79: Brown | E79: Die schleichende Revolution | F79: Wie der Neoliberalismus die Demokratie zerstört | G79: 42253 | H79: =IF(ISNUMBER(G79),YEAR(G79),"") -> 2015 | I79: 209.65 | J79: 1.42 | K79: =IF(AND(ISNUMBER(I79),ISNUMBER(J79)),I79*J79,0) -> 297.703 | L79: Paket SoWi Classics | M79: ja | N79: JP;QDTS;1KBB | O79: Politik, Recht & Geschichte | P79: =IF(LEFT(L79,13)="Inlibra Paket","nein – Frontlist 2026",IF(K79<=0,"nein – Preis fehlt","ja")) -> ja | Q79: =IF(H79="","",INDEX(Klasse_Name,MATCH(H79,Klasse_ab,1))) -> 2013–2016 | R79: =IF(H79="",0,INDEX(Klasse_Rabatt,MATCH(H79,Klasse_ab,1))) -> 0.4 | S79: =IF(P79="ja",K79*(1-R79),0) -> 178.6218 | U79: =IF(OR(T79="x",ISNUMBER(MATCH(SUBSTITUTE(A79,"-",""),Kundenbestand!$C$5:$C$3004,0)),ISNUMBER(MATCH(SUBSTITUTE(B79,"-",""),Kundenbestand!$C$5:$C$3004,0))),"x","") | V79: =IF(U79="x",S79,0) -> 0
A80: 978-3-518-74198-6 | B80: 978-3-518-42505-3 | C80: Suhrkamp Verlag | D80: Crouch | E80: Die bezifferte Welt | F80: Wie die Logik der Finanzmärkte das Wissen bedroht | G80: 42253 | H80: =IF(ISNUMBER(G80),YEAR(G80),"") -> 2015 | I80: 153.65 | J80: 1.42 | K80: =IF(AND(ISNUMBER(I80),ISNUMBER(J80)),I80*J80,0) -> 218.183 | L80: Paket SoWi Classics | M80: ja | N80: KCY;KCA;K;JPZ;JPWG;JP;JBFQ;JBFC;JB;J;GTQ;DN;3MR | O80: Soziologie, Gesellschaft & Wirtschaft | P80: =IF(LEFT(L80,13)="Inlibra Paket","nein – Frontlist 2026",IF(K80<=0,"nein – Preis fehlt","ja")) -> ja | Q80: =IF(H80="","",INDEX(Klasse_Name,MATCH(H80,Klasse_ab,1))) -> 2013–2016 | R80: =IF(H80="",0,INDEX(Klasse_Rabatt,MATCH(H80,Klasse_ab,1))) -> 0.4 | S80: =IF(P80="ja",K80*(1-R80),0) -> 130.9098 | U80: =IF(OR(T80="x",ISNUMBER(MATCH(SUBSTITUTE(A80,"-",""),Kundenbestand!$C$5:$C$3004,0)),ISNUMBER(MATCH(SUBSTITUTE(B80,"-",""),Kundenbestand!$C$5:$C$3004,0))),"x","") | V80: =IF(U80="x",S80,0) -> 0
A81: 978-3-518-74207-5 | B81: 978-3-518-12693-6 | C81: Suhrkamp Verlag | D81: Edlinger | E81: Der wunde Punkt | F81: Vom Unbehagen an der Kritik | G81: 42253 | H81: =IF(ISNUMBER(G81),YEAR(G81),"") -> 2015 | I81: 126 | J81: 1.42 | K81: =IF(AND(ISNUMBER(I81),ISNUMBER(J81)),I81*J81,0) -> 178.92 | L81: Paket SoWi Classics | M81: ja | N81: JB;JP;JBF;JBC;J;DN | O81: Soziologie, Gesellschaft & Wirtschaft | P81: =IF(LEFT(L81,13)="Inlibra Paket","nein – Frontlist 2026",IF(K81<=0,"nein – Preis fehlt","ja")) -> ja | Q81: =IF(H81="","",INDEX(Klasse_Name,MATCH(H81,Klasse_ab,1))) -> 2013–2016 | R81: =IF(H81="",0,INDEX(Klasse_Rabatt,MATCH(H81,Klasse_ab,1))) -> 0.4 | S81: =IF(P81="ja",K81*(1-R81),0) -> 107.352 | U81: =IF(OR(T81="x",ISNUMBER(MATCH(SUBSTITUTE(A81,"-",""),Kundenbestand!$C$5:$C$3004,0)),ISNUMBER(MATCH(SUBSTITUTE(B81,"-",""),Kundenbestand!$C$5:$C$3004,0))),"x","") | V81: =IF(U81="x",S81,0) -> 0
A82: 978-3-518-74216-7 | B82: 978-3-518-29760-5 | C82: Suhrkamp Verlag | D82: Feige | E82: Computerspiele | F82: Eine Ästhetik | G82: 42344 | H82: =IF(ISNUMBER(G82),YEAR(G82),"") -> 2015 | I82: 98 | J82: 1.42 | K82: =IF(AND(ISNUMBER(I82),ISNUMBER(J82)),I82*J82,0) -> 139.16 | L82: Paket SoWi Classics | M82: ja | N82: UDX;QDTN;QD | O82: Soziologie, Gesellschaft & Wirtschaft | P82: =IF(LEFT(L82,13)="Inlibra Paket","nein – Frontlist 2026",IF(K82<=0,"nein – Preis fehlt","ja")) -> ja | Q82: =IF(H82="","",INDEX(Klasse_Name,MATCH(H82,Klasse_ab,1))) -> 2013–2016 | R82: =IF(H82="",0,INDEX(Klasse_Rabatt,MATCH(H82,Klasse_ab,1))) -> 0.4 | S82: =IF(P82="ja",K82*(1-R82),0) -> 83.496 | U82: =IF(OR(T82="x",ISNUMBER(MATCH(SUBSTITUTE(A82,"-",""),Kundenbestand!$C$5:$C$3004,0)),ISNUMBER(MATCH(SUBSTITUTE(B82,"-",""),Kundenbestand!$C$5:$C$3004,0))),"x","") | V82: =IF(U82="x",S82,0) -> 0
A83: 978-3-518-74218-1 | B83: 978-3-518-58679-2 | C83: Suhrkamp Verlag | D83: Floridi | E83: Die 4. Revolution | F83: Wie die Infosphäre unser Leben verändert | G83: 42283 | H83: =IF(ISNUMBER(G83),YEAR(G83),"") -> 2015 | I83: 238 | J83: 1.42 | K83: =IF(AND(ISNUMBER(I83),ISNUMBER(J83)),I83*J83,0) -> 337.96 | L83: Paket SoWi Classics | M83: ja | N83: UBJ;UYZ;UD;UBW;QD;UYQ | O83: Soziologie, Gesellschaft & Wirtschaft | P83: =IF(LEFT(L83,13)="Inlibra Paket","nein – Frontlist 2026",IF(K83<=0,"nein – Preis fehlt","ja")) -> ja | Q83: =IF(H83="","",INDEX(Klasse_Name,MATCH(H83,Klasse_ab,1))) -> 2013–2016 | R83: =IF(H83="",0,INDEX(Klasse_Rabatt,MATCH(H83,Klasse_ab,1))) -> 0.4 | S83: =IF(P83="ja",K83*(1-R83),0) -> 202.776 | U83: =IF(OR(T83="x",ISNUMBER(MATCH(SUBSTITUTE(A83,"-",""),Kundenbestand!$C$5:$C$3004,0)),ISNUMBER(MATCH(SUBSTITUTE(B83,"-",""),Kundenbestand!$C$5:$C$3004,0))),"x","") | V83: =IF(U83="x",S83,0) -> 0
A84: 978-3-518-74250-1 | B84: 978-3-518-29759-9 | C84: Suhrkamp Verlag | D84: Koch | E84: Die Wiederkehr der Illusion | F84: Der Film und die Kunst der Gegenwart | G84: 42688 | H84: =IF(ISNUMBER(G84),YEAR(G84),"") -> 2016 | I84: 126 | J84: 1.42 | K84: =IF(AND(ISNUMBER(I84),ISNUMBER(J84)),I84*J84,0) -> 178.92 | L84: Paket SoWi Classics | M84: ja | N84: ATFA;ATF | O84: Kultur, Literatur & Medien | P84: =IF(LEFT(L84,13)="Inlibra Paket","nein – Frontlist 2026",IF(K84<=0,"nein – Preis fehlt","ja")) -> ja | Q84: =IF(H84="","",INDEX(Klasse_Name,MATCH(H84,Klasse_ab,1))) -> 2013–2016 | R84: =IF(H84="",0,INDEX(Klasse_Rabatt,MATCH(H84,Klasse_ab,1))) -> 0.4 | S84: =IF(P84="ja",K84*(1-R84),0) -> 107.352 | U84: =IF(OR(T84="x",ISNUMBER(MATCH(SUBSTITUTE(A84,"-",""),Kundenbestand!$C$5:$C$3004,0)),ISNUMBER(MATCH(SUBSTITUTE(B84,"-",""),Kundenbestand!$C$5:$C$3004,0))),"x","") | V84: =IF(U84="x",S84,0) -> 0
A85: 978-3-518-74273-0 | B85: 978-3-518-29766-7 | C85: Suhrkamp Verlag | D85: Nagel/Gebauer | E85: Eine Abhandlung über Gleichheit und Parteilichkeit | G85: 42471 | H85: =IF(ISNUMBER(G85),YEAR(G85),"") -> 2016 | I85: 112 | J85: 1.42 | K85: =IF(AND(ISNUMBER(I85),ISNUMBER(J85)),I85*J85,0) -> 159.04 | L85: Paket SoWi Classics | M85: ja | N85: QDTS;JPA | O85: Philosophie & Religion | P85: =IF(LEFT(L85,13)="Inlibra Paket","nein – Frontlist 2026",IF(K85<=0,"nein – Preis fehlt","ja")) -> ja | Q85: =IF(H85="","",INDEX(Klasse_Name,MATCH(H85,Klasse_ab,1))) -> 2013–2016 | R85: =IF(H85="",0,INDEX(Klasse_Rabatt,MATCH(H85,Klasse_ab,1))) -> 0.4 | S85: =IF(P85="ja",K85*(1-R85),0) -> 95.424 | U85: =IF(OR(T85="x",ISNUMBER(MATCH(SUBSTITUTE(A85,"-",""),Kundenbestand!$C$5:$C$3004,0)),ISNUMBER(MATCH(SUBSTITUTE(B85,"-",""),Kundenbestand!$C$5:$C$3004,0))),"x","") | V85: =IF(U85="x",S85,0) -> 0
A86: 978-3-518-74278-5 | B86: 978-3-518-07442-8 | C86: Suhrkamp Verlag | D86: Perthes | E86: Das Ende des Nahen Ostens, wie wir ihn kennen | F86: Ein Essay | G86: 42224 | H86: =IF(ISNUMBER(G86),YEAR(G86),"") -> 2015 | I86: 98 | J86: 1.42 | K86: =IF(AND(ISNUMBER(I86),ISNUMBER(J86)),I86*J86,0) -> 139.16 | L86: Paket SoWi Classics | M86: ja | N86: NHG;QRP;JW;JPWL;JP;JB;GTU;1FB;3MR;3MP | O86: Politik, Recht & Geschichte | P86: =IF(LEFT(L86,13)="Inlibra Paket","nein – Frontlist 2026",IF(K86<=0,"nein – Preis fehlt","ja")) -> ja | Q86: =IF(H86="","",INDEX(Klasse_Name,MATCH(H86,Klasse_ab,1))) -> 2013–2016 | R86: =IF(H86="",0,INDEX(Klasse_Rabatt,MATCH(H86,Klasse_ab,1))) -> 0.4 | S86: =IF(P86="ja",K86*(1-R86),0) -> 83.496 | U86: =IF(OR(T86="x",ISNUMBER(MATCH(SUBSTITUTE(A86,"-",""),Kundenbestand!$C$5:$C$3004,0)),ISNUMBER(MATCH(SUBSTITUTE(B86,"-",""),Kundenbestand!$C$5:$C$3004,0))),"x","") | V86: =IF(U86="x",S86,0) -> 0
A87: 978-3-518-74290-7 | B87: 978-3-518-42511-4 | C87: Suhrkamp Verlag | D87: Scheffler/Illies | E87: Berlin – ein Stadtschicksal | G87: 42315 | H87: =IF(ISNUMBER(G87),YEAR(G87),"") -> 2015 | I87: 175 | J87: 1.42 | K87: =IF(AND(ISNUMBER(I87),ISNUMBER(J87)),I87*J87,0) -> 248.5 | L87: Paket SoWi Classics | M87: ja | N87: NH;NHTB;NHD;JBSD;JBCC;JB;DN;1DFG-DE-BE;AM | O87: Politik, Recht & Geschichte | P87: =IF(LEFT(L87,13)="Inlibra Paket","nein – Frontlist 2026",IF(K87<=0,"nein – Preis fehlt","ja")) -> ja | Q87: =IF(H87="","",INDEX(Klasse_Name,MATCH(H87,Klasse_ab,1))) -> 2013–2016 | R87: =IF(H87="",0,INDEX(Klasse_Rabatt,MATCH(H87,Klasse_ab,1))) -> 0.4 | S87: =IF(P87="ja",K87*(1-R87),0) -> 149.1 | U87: =IF(OR(T87="x",ISNUMBER(MATCH(SUBSTITUTE(A87,"-",""),Kundenbestand!$C$5:$C$3004,0)),ISNUMBER(MATCH(SUBSTITUTE(B87,"-",""),Kundenbestand!$C$5:$C$3004,0))),"x","") | V87: =IF(U87="x",S87,0) -> 0
A88: 978-3-518-74302-7 | B88: 978-3-518-12698-1 | C88: Suhrkamp Verlag | D88: Siebel | E88: Die Kultur der Stadt | G88: 42315 | H88: =IF(ISNUMBER(G88),YEAR(G88),"") -> 2015 | I88: 140 | J88: 1.42 | K88: =IF(AND(ISNUMBER(I88),ISNUMBER(J88)),I88*J88,0) -> 198.8 | L88: Paket SoWi Classics | M88: ja | N88: JBSD;RPC;JHB;JH;JBCC;JB;J;DN | O88: Soziologie, Gesellschaft & Wirtschaft | P88: =IF(LEFT(L88,13)="Inlibra Paket","nein – Frontlist 2026",IF(K88<=0,"nein – Preis fehlt","ja")) -> ja | Q88: =IF(H88="","",INDEX(Klasse_Name,MATCH(H88,Klasse_ab,1))) -> 2013–2016 | R88: =IF(H88="",0,INDEX(Klasse_Rabatt,MATCH(H88,Klasse_ab,1))) -> 0.4 | S88: =IF(P88="ja",K88*(1-R88),0) -> 119.28 | U88: =IF(OR(T88="x",ISNUMBER(MATCH(SUBSTITUTE(A88,"-",""),Kundenbestand!$C$5:$C$3004,0)),ISNUMBER(MATCH(SUBSTITUTE(B88,"-",""),Kundenbestand!$C$5:$C$3004,0))),"x","") | V88: =IF(U88="x",S88,0) -> 0
A89: 978-3-518-74305-8 | B89: 978-3-518-29763-6 | C89: Suhrkamp Verlag | D89: Stockhammer | E89: Afrikanische Philologie | G89: 42379 | H89: =IF(ISNUMBER(G89),YEAR(G89),"") -> 2016 | I89: 126 | J89: 1.42 | K89: =IF(AND(ISNUMBER(I89),ISNUMBER(J89)),I89*J89,0) -> 178.92 | L89: Paket SoWi Classics | M89: ja | N89: C;CFL;CFF;1H | O89: Kultur, Literatur & Medien | P89: =IF(LEFT(L89,13)="Inlibra Paket","nein – Frontlist 2026",IF(K89<=0,"nein – Preis fehlt","ja")) -> ja | Q89: =IF(H89="","",INDEX(Klasse_Name,MATCH(H89,Klasse_ab,1))) -> 2013–2016 | R89: =IF(H89="",0,INDEX(Klasse_Rabatt,MATCH(H89,Klasse_ab,1))) -> 0.4 | S89: =IF(P89="ja",K89*(1-R89),0) -> 107.352 | U89: =IF(OR(T89="x",ISNUMBER(MATCH(SUBSTITUTE(A89,"-",""),Kundenbestand!$C$5:$C$3004,0)),ISNUMBER(MATCH(SUBSTITUTE(B89,"-",""),Kundenbestand!$C$5:$C$3004,0))),"x","") | V89: =IF(U89="x",S89,0) -> 0
A90: 978-3-518-74349-2 | B90: 978-3-518-29771-1 | C90: Suhrkamp Verlag | D90: Wiesing | E90: Das Mich der Wahrnehmung | F90: Eine Autopsie | G90: 42301 | H90: =IF(ISNUMBER(G90),YEAR(G90),"") -> 2015 | I90: 98 | J90: 1.42 | K90: =IF(AND(ISNUMBER(I90),ISNUMBER(J90)),I90*J90,0) -> 139.16 | L90: Paket SoWi Classics | M90: ja | N90: QDTK;QDTM;QD | O90: Philosophie & Religion | P90: =IF(LEFT(L90,13)="Inlibra Paket","nein – Frontlist 2026",IF(K90<=0,"nein – Preis fehlt","ja")) -> ja | Q90: =IF(H90="","",INDEX(Klasse_Name,MATCH(H90,Klasse_ab,1))) -> 2013–2016 | R90: =IF(H90="",0,INDEX(Klasse_Rabatt,MATCH(H90,Klasse_ab,1))) -> 0.4 | S90: =IF(P90="ja",K90*(1-R90),0) -> 83.496 | U90: =IF(OR(T90="x",ISNUMBER(MATCH(SUBSTITUTE(A90,"-",""),Kundenbestand!$C$5:$C$3004,0)),ISNUMBER(MATCH(SUBSTITUTE(B90,"-",""),Kundenbestand!$C$5:$C$3004,0))),"x","") | V90: =IF(U90="x",S90,0) -> 0
A91: 978-3-518-74399-7 | B91: 978-3-518-29733-9 | C91: Suhrkamp Verlag | D91: Streeck | E91: Gekaufte Zeit | F91: Die vertagte Krise des demokratischen Kapitalismus | G91: 42315 | H91: =IF(ISNUMBER(G91),YEAR(G91),"") -> 2015 | I91: 154.01 | J91: 1.42 | K91: =IF(AND(ISNUMBER(I91),ISNUMBER(J91)),I91*J91,0) -> 218.6942 | L91: Paket SoWi Classics | M91: ja | N91: JPF;JPHV;JPA | O91: Politik, Recht & Geschichte | P91: =IF(LEFT(L91,13)="Inlibra Paket","nein – Frontlist 2026",IF(K91<=0,"nein – Preis fehlt","ja")) -> ja | Q91: =IF(H91="","",INDEX(Klasse_Name,MATCH(H91,Klasse_ab,1))) -> 2013–2016 | R91: =IF(H91="",0,INDEX(Klasse_Rabatt,MATCH(H91,Klasse_ab,1))) -> 0.4 | S91: =IF(P91="ja",K91*(1-R91),0) -> 131.21652 | U91: =IF(OR(T91="x",ISNUMBER(MATCH(SUBSTITUTE(A91,"-",""),Kundenbestand!$C$5:$C$3004,0)),ISNUMBER(MATCH(SUBSTITUTE(B91,"-",""),Kundenbestand!$C$5:$C$3004,0))),"x","") | V91: =IF(U91="x",S91,0) -> 0
A92: 978-3-518-74405-5 | B92: 978-3-518-07253-0 | C92: Suhrkamp Verlag | D92: Oulios | E92: Blackbox Abschiebung | F92: Geschichte, Theorie und Praxis der deutschen Asylpolitik. | G92: 42344 | H92: =IF(ISNUMBER(G92),YEAR(G92),"") -> 2015 | I92: 112 | J92: 1.42 | K92: =IF(AND(ISNUMBER(I92),ISNUMBER(J92)),I92*J92,0) -> 159.04 | L92: Paket SoWi Classics | M92: ja | N92: JBFG;L;JH;JB;J;DNP | O92: Soziologie, Gesellschaft & Wirtschaft | P92: =IF(LEFT(L92,13)="Inlibra Paket","nein – Frontlist 2026",IF(K92<=0,"nein – Preis fehlt","ja")) -> ja | Q92: =IF(H92="","",INDEX(Klasse_Name,MATCH(H92,Klasse_ab,1))) -> 2013–2016 | R92: =IF(H92="",0,INDEX(Klasse_Rabatt,MATCH(H92,Klasse_ab,1))) -> 0.4 | S92: =IF(P92="ja",K92*(1-R92),0) -> 95.424 | U92: =IF(OR(T92="x",ISNUMBER(MATCH(SUBSTITUTE(A92,"-",""),Kundenbestand!$C$5:$C$3004,0)),ISNUMBER(MATCH(SUBSTITUTE(B92,"-",""),Kundenbestand!$C$5:$C$3004,0))),"x","") | V92: =IF(U92="x",S92,0) -> 0
A93: 978-3-518-74417-8 | B93: 978-3-518-42538-1 | C93: Suhrkamp Verlag | D93: Bauer | E93: Die geraubten Mädchen | F93: Boko Haram und der Terror im Herzen Afrikas | G93: 42498 | H93: =IF(ISNUMBER(G93),YEAR(G93),"") -> 2016 | I93: 168 | J93: 1.42 | K93: =IF(AND(ISNUMBER(I93),ISNUMBER(J93)),I93*J93,0) -> 238.56 | L93: Paket SoWi Classics | M93: ja | N93: DNP;QRS;QRP;NHH;JWXR;JWXN;JWXK;JWL;JWCG;JW;JPWS;JPWL;JPWH;JPVR;JPVH;JPS;JPFR;JPF;JP;JBG;JB;DNX;DN;1HFDN;1H;3M | O93: Kultur, Literatur & Medien | P93: =IF(LEFT(L93,13)="Inlibra Paket","nein – Frontlist 2026",IF(K93<=0,"nein – Preis fehlt","ja")) -> ja | Q93: =IF(H93="","",INDEX(Klasse_Name,MATCH(H93,Klasse_ab,1))) -> 2013–2016 | R93: =IF(H93="",0,INDEX(Klasse_Rabatt,MATCH(H93,Klasse_ab,1))) -> 0.4 | S93: =IF(P93="ja",K93*(1-R93),0) -> 143.136 | U93: =IF(OR(T93="x",ISNUMBER(MATCH(SUBSTITUTE(A93,"-",""),Kundenbestand!$C$5:$C$3004,0)),ISNUMBER(MATCH(SUBSTITUTE(B93,"-",""),Kundenbestand!$C$5:$C$3004,0))),"x","") | V93: =IF(U93="x",S93,0) -> 0
A94: 978-3-518-74423-9 | B94: 978-3-518-29773-5 | C94: Suhrkamp Verlag | D94: Beck | E94: Eine Theorie der globalen Verantwortung | F94: Was wir Menschen in extremer Armut schulden | G94: 42562 | H94: =IF(ISNUMBER(G94),YEAR(G94),"") -> 2016 | I94: 118.99 | J94: 1.42 | K94: =IF(AND(ISNUMBER(I94),ISNUMBER(J94)),I94*J94,0) -> 168.9658 | L94: Paket SoWi Classics | M94: ja | N94: QDTQ;QD | O94: Philosophie & Religion | P94: =IF(LEFT(L94,13)="Inlibra Paket","nein – Frontlist 2026",IF(K94<=0,"nein – Preis fehlt","ja")) -> ja | Q94: =IF(H94="","",INDEX(Klasse_Name,MATCH(H94,Klasse_ab,1))) -> 2013–2016 | R94: =IF(H94="",0,INDEX(Klasse_Rabatt,MATCH(H94,Klasse_ab,1))) -> 0.4 | S94: =IF(P94="ja",K94*(1-R94),0) -> 101.37948 | U94: =IF(OR(T94="x",ISNUMBER(MATCH(SUBSTITUTE(A94,"-",""),Kundenbestand!$C$5:$C$3004,0)),ISNUMBER(MATCH(SUBSTITUTE(B94,"-",""),Kundenbestand!$C$5:$C$3004,0))),"x","") | V94: =IF(U94="x",S94,0) -> 0
A95: 978-3-518-74426-0 | B95: 978-3-518-12705-6 | C95: Suhrkamp Verlag | D95: Böhme | E95: Ästhetischer Kapitalismus | G95: 42471 | H95: =IF(ISNUMBER(G95),YEAR(G95),"") -> 2016 | I95: 98 | J95: 1.42 | K95: =IF(AND(ISNUMBER(I95),ISNUMBER(J95)),I95*J95,0) -> 139.16 | L95: Paket SoWi Classics | M95: ja | N95: JB;QDTS;QDTN;QD;JH;JBCC;JBC;AM;AK;A | O95: Soziologie, Gesellschaft & Wirtschaft | P95: =IF(LEFT(L95,13)="Inlibra Paket","nein – Frontlist 2026",IF(K95<=0,"nein – Preis fehlt","ja")) -> ja | Q95: =IF(H95="","",INDEX(Klasse_Name,MATCH(H95,Klasse_ab,1))) -> 2013–2016 | R95: =IF(H95="",0,INDEX(Klasse_Rabatt,MATCH(H95,Klasse_ab,1))) -> 0.4 | S95: =IF(P95="ja",K95*(1-R95),0) -> 83.496 | U95: =IF(OR(T95="x",ISNUMBER(MATCH(SUBSTITUTE(A95,"-",""),Kundenbestand!$C$5:$C$3004,0)),ISNUMBER(MATCH(SUBSTITUTE(B95,"-",""),Kundenbestand!$C$5:$C$3004,0))),"x","") | V95: =IF(U95="x",S95,0) -> 0
A96: 978-3-518-74435-2 | B96: 978-3-518-58687-7 | C96: Suhrkamp Verlag | D96: Lagasnerie | E96: Die Kunst der Revolte | F96: Snowden, Assange, Manning | G96: 42408 | H96: =IF(ISNUMBER(G96),YEAR(G96),"") -> 2016 | I96: 168 | J96: 1.42 | K96: =IF(AND(ISNUMBER(I96),ISNUMBER(J96)),I96*J96,0) -> 238.56 | L96: Paket SoWi Classics | M96: ja | N96: QDTS;JPA;1DDF | O96: Philosophie & Religion | P96: =IF(LEFT(L96,13)="Inlibra Paket","nein – Frontlist 2026",IF(K96<=0,"nein – Preis fehlt","ja")) -> ja | Q96: =IF(H96="","",INDEX(Klasse_Name,MATCH(H96,Klasse_ab,1))) -> 2013–2016 | R96: =IF(H96="",0,INDEX(Klasse_Rabatt,MATCH(H96,Klasse_ab,1))) -> 0.4 | S96: =IF(P96="ja",K96*(1-R96),0) -> 143.136 | U96: =IF(OR(T96="x",ISNUMBER(MATCH(SUBSTITUTE(A96,"-",""),Kundenbestand!$C$5:$C$3004,0)),ISNUMBER(MATCH(SUBSTITUTE(B96,"-",""),Kundenbestand!$C$5:$C$3004,0))),"x","") | V96: =IF(U96="x",S96,0) -> 0
A97: 978-3-518-74438-3 | B97: 978-3-518-58685-3 | C97: Suhrkamp Verlag | D97: Dreyfus/Taylor | E97: Die Wiedergewinnung des Realismus | G97: 42534 | H97: =IF(ISNUMBER(G97),YEAR(G97),"") -> 2016 | I97: 238 | J97: 1.42 | K97: =IF(AND(ISNUMBER(I97),ISNUMBER(J97)),I97*J97,0) -> 337.96 | L97: Paket SoWi Classics | M97: ja | N97: QDTK;QD | O97: Philosophie & Religion | P97: =IF(LEFT(L97,13)="Inlibra Paket","nein – Frontlist 2026",IF(K97<=0,"nein – Preis fehlt","ja")) -> ja | Q97: =IF(H97="","",INDEX(Klasse_Name,MATCH(H97,Klasse_ab,1))) -> 2013–2016 | R97: =IF(H97="",0,INDEX(Klasse_Rabatt,MATCH(H97,Klasse_ab,1))) -> 0.4 | S97: =IF(P97="ja",K97*(1-R97),0) -> 202.776 | U97: =IF(OR(T97="x",ISNUMBER(MATCH(SUBSTITUTE(A97,"-",""),Kundenbestand!$C$5:$C$3004,0)),ISNUMBER(MATCH(SUBSTITUTE(B97,"-",""),Kundenbestand!$C$5:$C$3004,0))),"x","") | V97: =IF(U97="x",S97,0) -> 0
A98: 978-3-518-74468-0 | B98: 978-3-518-29776-6 | C98: Suhrkamp Verlag | D98: Krämer | E98: Figuration, Anschauung, Erkenntnis | F98: Grundlinien einer Diagrammatologie | G98: 42688 | H98: =IF(ISNUMBER(G98),YEAR(G98),"") -> 2016 | I98: 126 | J98: 1.42 | K98: =IF(AND(ISNUMBER(I98),ISNUMBER(J98)),I98*J98,0) -> 178.92 | L98: Paket SoWi Classics | M98: ja | N98: JBC;JBCT;D;C | O98: Kultur, Literatur & Medien | P98: =IF(LEFT(L98,13)="Inlibra Paket","nein – Frontlist 2026",IF(K98<=0,"nein – Preis fehlt","ja")) -> ja | Q98: =IF(H98="","",INDEX(Klasse_Name,MATCH(H98,Klasse_ab,1))) -> 2013–2016 | R98: =IF(H98="",0,INDEX(Klasse_Rabatt,MATCH(H98,Klasse_ab,1))) -> 0.4 | S98: =IF(P98="ja",K98*(1-R98),0) -> 107.352 | U98: =IF(OR(T98="x",ISNUMBER(MATCH(SUBSTITUTE(A98,"-",""),Kundenbestand!$C$5:$C$3004,0)),ISNUMBER(MATCH(SUBSTITUTE(B98,"-",""),Kundenbestand!$C$5:$C$3004,0))),"x","") | V98: =IF(U98="x",S98,0) -> 0
A99: 978-3-518-74475-8 | B99: 978-3-518-58682-2 | C99: Suhrkamp Verlag | D99: Luhmann/Kaube | E99: Der neue Chef | G99: 42436 | H99: =IF(ISNUMBER(G99),YEAR(G99),"") -> 2016 | I99: 70 | J99: 1.42 | K99: =IF(AND(ISNUMBER(I99),ISNUMBER(J99)),I99*J99,0) -> 99.4 | L99: Paket SoWi Classics | M99: ja | N99: JHBL;JHB | O99: Soziologie, Gesellschaft & Wirtschaft | P99: =IF(LEFT(L99,13)="Inlibra Paket","nein – Frontlist 2026",IF(K99<=0,"nein – Preis fehlt","ja")) -> ja | Q99: =IF(H99="","",INDEX(Klasse_Name,MATCH(H99,Klasse_ab,1))) -> 2013–2016 | R99: =IF(H99="",0,INDEX(Klasse_Rabatt,MATCH(H99,Klasse_ab,1))) -> 0.4 | S99: =IF(P99="ja",K99*(1-R99),0) -> 59.64 | U99: =IF(OR(T99="x",ISNUMBER(MATCH(SUBSTITUTE(A99,"-",""),Kundenbestand!$C$5:$C$3004,0)),ISNUMBER(MATCH(SUBSTITUTE(B99,"-",""),Kundenbestand!$C$5:$C$3004,0))),"x","") | V99: =IF(U99="x",S99,0) -> 0
A100: 978-3-518-74494-9 | B100: 978-3-518-29784-1 | C100: Suhrkamp Verlag | D100: Pippin | E100: Die Aktualität des Deutschen Idealismus | G100: 42624 | H100: =IF(ISNUMBER(G100),YEAR(G100),"") -> 2016 | I100: 154.01 | J100: 1.42 | K100: =IF(AND(ISNUMBER(I100),ISNUMBER(J100)),I100*J100,0) -> 218.6942 | L100: Paket SoWi Classics | M100: ja | N100: QD;QDHR | O100: Philosophie & Religion | P100: =IF(LEFT(L100,13)="Inlibra Paket","nein – Frontlist 2026",IF(K100<=0,"nein – Preis fehlt","ja")) -> ja | Q100: =IF(H100="","",INDEX(Klasse_Name,MATCH(H100,Klasse_ab,1))) -> 2013–2016 | R100: =IF(H100="",0,INDEX(Klasse_Rabatt,MATCH(H100,Klasse_ab,1))) -> 0.4 | S100: =IF(P100="ja",K100*(1-R100),0) -> 131.21652 | U100: =IF(OR(T100="x",ISNUMBER(MATCH(SUBSTITUTE(A100,"-",""),Kundenbestand!$C$5:$C$3004,0)),ISNUMBER(MATCH(SUBSTITUTE(B100,"-",""),Kundenbestand!$C$5:$C$3004,0))),"x","") | V100: =IF(U100="x",S100,0) -> 0
A101: 978-3-518-74514-4 | B101: 978-3-518-58688-4 | C101: Suhrkamp Verlag | D101: Singer | E101: Effektiver Altruismus | F101: Eine Anleitung zum ethischen Leben | G101: 42471 | H101: =IF(ISNUMBER(G101),YEAR(G101),"") -> 2016 | I101: 174.65 | J101: 1.42 | K101: =IF(AND(ISNUMBER(I101),ISNUMBER(J101)),I101*J101,0) -> 248.003 | L101: Paket SoWi Classics | M101: ja | N101: QDTQ;QDX;QD | O101: Philosophie & Religion | P101: =IF(LEFT(L101,13)="Inlibra Paket","nein – Frontlist 2026",IF(K101<=0,"nein – Preis fehlt","ja")) -> ja | Q101: =IF(H101="","",INDEX(Klasse_Name,MATCH(H101,Klasse_ab,1))) -> 2013–2016 | R101: =IF(H101="",0,INDEX(Klasse_Rabatt,MATCH(H101,Klasse_ab,1))) -> 0.4 | S101: =IF(P101="ja",K101*(1-R101),0) -> 148.8018 | U101: =IF(OR(T101="x",ISNUMBER(MATCH(SUBSTITUTE(A101,"-",""),Kundenbestand!$C$5:$C$3004,0)),ISNUMBER(MATCH(SUBSTITUTE(B101,"-",""),Kundenbestand!$C$5:$C$3004,0))),"x","") | V101: =IF(U101="x",S101,0) -> 0
...

Sheet Parameter
F1: Your Trusted Knowledge Base: https://www.inlibra.com
B2: Parameter Backlist-Kaufpakete Suhrkamp
B4: Archivrabatt nach Erscheinungsjahr | C4: ab Jahr | D4: Archivrabatt | E4: Bezeichnung
B5: Altersklasse 1 | C5: 0 | D5: 0.5 | E5: bis 2012
B6: Altersklasse 2 | C6: 2013 | D6: 0.4 | E6: 2013–2016
B7: Altersklasse 3 | C7: 2017 | D7: 0.25 | E7: 2017–2020
B8: Altersklasse 4 | C8: 2021 | D8: 0.1 | E8: 2021–2025
B9: Konditionen Inlibra: Archivpakete 10–50 % zusätzlicher Paketrabatt je nach Themen und Jahren. „ab Jahr“ aufsteigend halten.
B11: Grundrabatte | C11: Wert
B12: Grundrabatt Fachpaket | C12: 0.1 | F12: wie Themen-Einzelpakete
B13: Grundrabatt Gesamtpaket | C13: 0.5 | F13: wie Themenpaket Gesamt
B14: Umsatzsteuer (Netto = Brutto ÷ (1 + USt)) | C14: 0.07 | F14: E-Books 7 %
B15: Kein Konsortialrabatt: Das Angebot läuft außerhalb des Konsortiums.
B17: Faktoren | C17: Faktor
B18: Universitäten | C18: 1 | F18: Faktor Typ
B19: Fachhochschulen | C19: 0.5 | F19: Faktor Typ
B20: Staats-/Landesbibliotheken | C20: 1 | F20: Faktor Typ (Themenpakete: 0,75)
B21: ≤ 5.000 FTE | C21: 0.8 | F21: Faktor Größe (nur Uni/FH)
B22: ≤ 10.000 FTE | C22: 0.9 | F22: Faktor Größe (nur Uni/FH)
B23: > 10.000 FTE | C23: 1 | F23: Faktor Größe (nur Uni/FH)
B25: Fachpakete (Liste für die Zuordnung)
B26: Philosophie & Religion
B27: Soziologie, Gesellschaft & Wirtschaft
B28: Politik, Recht & Geschichte
B29: Kultur, Literatur & Medien
B30: Werkausgaben & Editionen
B32: Inst-Preis je Titel = NP × Faktor (lt. Titelliste, derzeit 1,42). Alle Preise brutto.
